 Dungeon Crawl Stone Soup version 0.25-a0-890-g62861fb (webtiles) character file.

Game seed: 1782718839001184417, levelgen mode: deterministic

1411949 BigChungus the Axe Maniac (level 27, -1/272 (273) HPs)
             Began as a Minotaur Berserker on May 6, 2020.
             Was the Champion of the Shining One.
             Engulfed by an ushabti's foul pestilence (7 damage)
             ... on level 3 of the Tomb of the Ancients.
             The game lasted 05:04:00 (134102 turns).

BigChungus the Axe Maniac (Minotaur Berserker)    Turns: 134102, Time: 05:04:01

HP:   -1/272 (273)  AC: 46    Str: 35    XL:     27
MP:   0/35          EV: 16    Int:  6    God:    the Shining One [******]
Gold: 9169          SH:  3    Dex:  3    Spells: 46/46 levels left

rFire    + + +     SeeInvis +   a - +9 executioner's axe (holy)
rCold    + + .     Gourm    .   (shield currently unavailable)
rNeg     + + +     Faith    .   V - +9 gold dragon scales
rPois    +         Spirit   +   O - +2 hat {MR+}
rElec    .         Reflect  +   T - scarf {Spirit}
rCorr    .         Harm     .   H - +2 pair of gloves {archery}
MR       +++..     Rnd*Rage +   o - +2 pair of boots {run} Stlth +.........Rnd*Tele +
                                m - amulet of Kios {Reflect rF+ rN+ Int+6 Dex-5 SH+3}
HPRegen  0.00/turn              Z - ring of the Middle {EV+4 Slay+3}
MPRegen  0.24/turn              n - ring of Dyutsag {+Fly rC+ Str+4 SInv}

@: hasted and slowed, glowing, quick
A: retaliatory headbutt, horns 2, berserk 2, blurry vision 3, clumsy 1,
deterioration 2, dopey 2, fire resistance 2, low mp 1, inhibited regeneration,
teleportitis 1, weak 2, subdued magic 1
}: 14/15 runes: decaying, slimy, silver, iron, obsidian, icy, bone, abyssal,
demonic, glowing, magical, fiery, dark, gossamer
a: Divine Shield, Cleansing Flame, Summon Divine Warrior, Renounce Religion,
Evoke Flight


You were on level 3 of the Tomb of the Ancients.
You worshipped the Shining One.
The Shining One was exalted by your worship.
You were very hungry.

You visited 18 branches of the dungeon, and saw 90 of its levels.
You visited Pandemonium 1 time, and saw 35 of its levels.
You visited the Abyss 3 times.
You visited 1 ziggurat, and saw 12 of its levels.
You also visited: Ossuary, Bailey, Gauntlet and Volcano.

You collected 17060 gold pieces.
You spent 7891 gold pieces at shops.

Inventory:

Hand Weapons
 a - a +9 executioner's axe of holy wrath (weapon)
 b - a +9 arbalest of holy wrath
 p - the +8 frozen axe "Frostbite" {freezing cloud, *Noise +Fly rC+}
   (You took it off a gnoll shaman in a bailey)

   It has been specially enchanted to freeze those struck by it, causing extra
   injury to most foes and up to half again as much damage against particularly
   susceptible opponents.
   It can also slow down cold-blooded creatures.
   It protects you from cold.
   It lets you fly.
   It may make noises in combat.
Missiles
 i - 934 bolts
 r - 9 throwing nets (quivered)
Armour
 o - a +2 pair of boots of running (worn)
 H - a +2 pair of gloves of archery (worn)
 O - a +2 hat of magic resistance (worn)
 T - a scarf of spirit shield (worn)
 V - +9 gold dragon scales (worn)
Jewellery
 h - the ring "Edirchuef" {Fire Int-3 Dex+4 Slay+3}
   (You found it on level 2 of the Lair of Beasts)

   [ring of fire]

   It enhances your fire magic.
   It affects your intelligence (-3).
   It affects your dexterity (+4).
   It affects your accuracy and damage with ranged weapons and melee attacks
   (+3).
   It protects you from fire.
   It makes you vulnerable to cold.
 m - the amulet of Kios (around neck) {Reflect rF+ rN+ Int+6 Dex-5 SH+3}
   (You bought it in a shop on level 2 of the Depths)

   [amulet of reflection]

   It shields you and reflects attacks.
   It affects your intelligence (+6).
   It affects your dexterity (-5).
   It protects you from fire.
   It protects you from negative energy.
   It affects your SH (+3).
 n - the ring of Dyutsag (right hand) {+Fly rC+ Str+4 SInv}
   (You took it off a merfolk aquamancer on level 2 of the Depths)

   [ring of flight]

   It affects your strength (+4).
   It protects you from cold.
   It lets you see invisible.
   It lets you fly.
 s - the amulet of Plog {Reflect rElec SH+4 SInv}
   (You acquired it on level 5 of the Depths)

   [amulet of reflection]

   It shields you and reflects attacks.
   It insulates you from electricity.
   It lets you see invisible.
   It affects your SH (+4).
 y - the ring of Darung {rPois rC+ EV+1 Int+3 Dex-5}
   (You bought it in a shop on level 2 of the Orcish Mines)

   [ring of evasion]

   It affects your evasion (+1).
   It affects your intelligence (+3).
   It affects your dexterity (-5).
   It protects you from cold.
   It protects you from poison.
 B - the ring "Duhirokh" {Str+3 Dex+3 Stlth+}
   (You found it on level 1 of the Abyss)

   [ring of stealth]

   It affects your strength (+3).
   It affects your dexterity (+3).
   It makes you more stealthy.
 C - the ring "Toikugiuti" {rPois rF+ rN+}
   (You found it in Pandemonium)

   [ring of poison resistance]

   It protects you from fire.
   It protects you from poison.
   It protects you from negative energy.
 K - the ring of the Will of the Gods {rF+ Str+2 Dex-3 Slay+4 Stlth+}
   (You acquired it on level 4 of the Depths)

   [ring of protection from fire]

   It affects your strength (+2).
   It affects your dexterity (-3).
   It affects your accuracy and damage with ranged weapons and melee attacks
   (+4).
   It protects you from fire.
   It makes you more stealthy.
 N - the ring "Dynior" {rC+ rCorr}
   (You took it off an ancient champion on level 7 of the Iron City of Dis)

   [ring of resist corrosion]

   It protects you from cold.
   It provides partial protection from all sources of acid and corrosion.
 Z - the ring of the Middle (left hand) {EV+4 Slay+3}
   (You found it on level 7 of a ziggurat)

   [ring of evasion]

   It affects your evasion (+4).
   It affects your accuracy and damage with ranged weapons and melee attacks
   (+3).
Wands
 c - a wand of scattershot (5)
 j - a wand of acid (10)
 G - a wand of digging (15)
 L - a wand of iceblast (109)
Scrolls
 d - 50 scrolls of remove curse
 e - 4 scrolls of holy word
 f - 28 scrolls of teleportation
 v - 13 scrolls of fog
 w - 13 scrolls of blinking
 z - 6 scrolls of brand weapon
 D - 20 scrolls of immolation
 E - 19 scrolls of fear
 J - 8 scrolls of summoning
 M - 21 scrolls of enchant weapon
 Q - 9 scrolls of magic mapping
 R - 15 scrolls of identify
 W - 9 scrolls of enchant armour
 Y - 5 scrolls of silence
Potions
 g - a potion of cancellation
 k - 6 potions of might
 l - 27 potions of curing
 q - 5 potions of berserk rage
 t - 4 potions of heal wounds
 u - 12 potions of flight
 x - 8 potions of resistance
 F - 3 potions of magic
 I - 3 potions of ambrosia
Miscellaneous
 S - a lightning rod (4/4)
 U - 8 tins of tremorstones
 X - 4 phantom mirrors
Comestibles
 P - 106 rations


   Skills:
 O Level 27 Fighting
 O Level 27 Axes
 O Level 27 Crossbows
 O Level 27 Armour
 O Level 27 Dodging
 O Level 27 Stealth
 * Level 10.1 Spellcasting
 O Level 27 Invocations
 O Level 27 Evocations


You had 46 spell levels left.
You didn't know any spells.
Your spell library contained the following spells:

 Spells                   Type           Power        Failure   Level  Hunger
 Animate Skeleton         Necr           N/A          54%         1    None
 Beastly Appendage        Tmut           #.....       54%         1    None
 Corona                   Hex            #......      54%         1    None
 Foxfire                  Conj/Fire      #...         54%         1    None
 Freeze                   Ice            #...         54%         1    None
 Infusion                 Chrm           #...         54%         1    None
 Sandblast                Erth           #.....       54%         1    None
 Sting                    Tmut/Pois      #...         54%         1    None
 Blink                    Tloc           N/A          71%         2    ##.....
 Call Imp                 Summ           #.......     71%         2    ##.....
 Corpse Rot               Necr/Air       N/A          71%         2    ##.....
 Passwall                 Tmut/Erth      #.......     71%         2    ##.....
 Poisonous Vapours        Pois/Air       #.....       71%         2    ##.....
 Shroud of Golubria       Chrm/Tloc      #.....       71%         2    ##.....
 Sticks to Snakes         Tmut           #.......     71%         2    ##.....
 Sublimation of Blood     Necr           #.........   71%         2    ##.....
 Swiftness                Chrm/Air       #.......     71%         2    ##.....
 Confusing Touch          Hex            #.......     90%         3    ###....
 Frozen Ramparts          Ice            #.....       90%         3    ###....
 Gell's Gravitas          Tloc           #.........   90%         3    ###....
 Ignite Poison            Fire/Tmut/Pois #.......     90%         3    ###....
 Lesser Beckoning         Tloc           #.........   90%         3    ###....
 Ozocubu's Armour         Chrm/Ice       #.......     90%         3    ###....
 Portal Projectile        Hex/Tloc       #.....       90%         3    ###....
 Spectral Weapon          Hex/Chrm       #.......     90%         3    ###....
 Spider Form              Tmut/Pois      #.........   90%         3    ###....
 Static Discharge         Conj/Air       #.......     90%         3    ###....
 Stone Arrow              Conj/Erth      #.....       90%         3    ###....
 Summon Guardian Golem    Hex/Summ       #.......     90%         3    ###....
 Teleport Other           Tloc           #.......     90%         3    ###....
 Tukima's Dance           Hex            #.......     90%         3    ###....
 Vampiric Draining        Necr           #.........   90%         3    ###....
 Cause Fear               Hex            #.........   100%        4    ####...
 Fulminant Prism          Conj/Hex       #.........   100%        4    ####...
 Hailstorm                Conj/Ice       #.......     100%        4    ####...
 Ice Form                 Ice/Tmut       #.......     100%        4    ####...
 Leda's Liquefaction      Hex/Erth       #.........   100%        4    ####...
 Olgreb's Toxic Radiance  Pois           #.......     100%        4    ####...
 Passage of Golubria      Tloc           N/A          100%        4    ####...
 Petrify                  Tmut/Erth      #.......     100%        4    ####...
 Sticky Flame             Conj/Fire      #.......     100%        4    ####...
 Summon Ice Beast         Ice/Summ       #.......     100%        4    ####...
 Summon Lightning Spire   Summ/Air       #.......     100%        4    ####...
 Alistair's Intoxication  Tmut/Pois      #.......     100%        5    ######.
 Aura of Abjuration       Summ           #.........   100%        5    ######.
 Blade Hands              Tmut           #.........   100%        5    ######.
 Borgnjor's Vile Clutch   Necr/Erth      #.........   100%        5    ######.
 Irradiate                Conj/Tmut      #.........   100%        5    ######.
 Lee's Rapid Deconstruct  Erth           #.........   100%        5    ######.
 Lightning Bolt           Conj/Air       #.........   100%        5    ######.
 Metabolic Englaciation   Hex/Ice        #.........   100%        5    ######.
 Silence                  Hex/Air        #.........   100%        5    ######.
 Summon Mana Viper        Hex/Summ       #.......     100%        5    ######.
 Yara's Violent Unravell  Hex/Tmut       #.........   100%        5    ######.
 Conjure Ball Lightning   Conj/Air       #.........   100%        6    #######
 Darkness                 Hex            #.........   100%        6    #######
 Death Channel            Necr           #.........   100%        6    #######
 Eringya's Noxious Bog    Tmut/Pois      #.........   100%        6    #######
 Invisibility             Hex            #.......     100%        6    #######
 Simulacrum               Ice/Necr       #.........   100%        6    #######
 Dragon Form              Tmut           #.........   100%        7    #######
 Ring of Flames           Chrm/Fire      #.........   100%        7    #######
 Discord                  Hex            #.........   100%        8    #######
 Ignition                 Fire           #.........   100%        8    #######
 Infestation              Necr           #.........   100%        8    #######
 Dragon's Call            Summ           #.........   100%        9    #######
 Shatter                  Erth           #.........   100%        9    #######
 Tornado                  Air            #.........   100%        9    #######


Dungeon Overview and Level Annotations

Branches:
Dungeon (15/15)            Temple (1/1) D:6            Lair (6/6) D:9
  Swamp (4/4) Lair:2       Spider (4/4) Lair:3        Slime (5/5) Lair:6
    Orc (2/2) D:11            Elf (3/3) Orc:2        Vaults (5/5) D:13
  Crypt (3/3) Vaults:3       Tomb (3/3) Crypt:3      Depths (5/5) D:15
   Hell (visited)             Dis (7/7) Hell            Geh (7/7) Hell
    Coc (7/7) Hell            Tar (7/7) Hell            Zot (5/5) Depths:5
Ossuary (visited)          Bailey (visited)         Volcano (visited)
Gauntlet (visited)

Altars:
Ashenzari
Cheibriados
Dithmenos
Elyvilon
Fedhas
Gozag
Hepliaklqana
Kikubaaqudgha
Makhleb
Nemelex Xobeh
Okawaru
Qazlal
Ru
Sif Muna
Trog
Uskayaw
Vehumet
Wu Jian
Xom
Yredelemnul
Zin
The Shining One
Beogh
Jiyva

Shops:
D:8 *   D:10 }   Orc:2 ((=[?   Elf:1 [   Elf:3 ?*   Vaults:1 :   Vaults:5 ?
Depths:2 =(?   Depths:5 ?

Portals:
Hell: Depths:1 Depths:2 Depths:3 Depths:4 Depths:5
Abyss: Depths:4
Pandemonium: Depths:1 Depths:3 Depths:5

Annotations:
D:2 1 runed translucent door, Crazy Yiuf
Lair:5 Rupert
Swamp:3 3 runed translucent doors, Pooter's ghost, adept MiBe; RepHenryClay's ghost, adept MiGl
Spider:4 1 runed translucent door, Wuanow's ghost, journeyman HOFi
Zot:2 exclusion: 2 downstairs
Zot:5 4 exclusions


Innate Abilities, Weirdness & Mutations

You reflexively headbutt those who attack you in melee.
You have a pair of horns on your head.
You often lose your temper in combat.
Scrolls take you much longer to read.
You are clumsy. (Dex -2)
Your body often deteriorates upon taking damage.
You are very dopey. (Int -4)
Your flesh is very heat resistant. (rF++)
Your magical capacity is low. (-10% MP)
You do not regenerate when monsters are visible.
You are occasionally teleported next to monsters.
You are very weak. (Str -4)
Your spells are a little easier to cast, but a little less powerful.


Message History

You block the death scarab's attack. The death scarab closely misses you.
The greater mummy misses you.
The ushabti shakes and rattles.
The vile air hits the death scarab.
The vile air hits you but does no damage.
The vile air hits the death scarab.
The greater mummy points at you and mumbles some strange words.
Something smites you!
* * * LOW HITPOINT WARNING * * *
The death scarab barely misses you. You furiously retaliate!
You headbutt the death scarab!!
You destroy the death scarab!
The death scarab's corpse disappears in a puff of smoke!
The ushabti shakes and rattles.
The vile air hits the guardian mummy.
The vile air hits you but does no damage.
You begin reading the scroll.
You continue reading the scroll.
You are engulfed in dark miasma.
You feel as though you will be slow longer.
You die...

.............
M.z.........
..MM.......
##8M........
#888...§....
##844...§...^
###8.M........#
##..☼☼8........#
#.M@MMM........#
#.☼○sM.........##
..M..○.........####
################


You could see 3 greater mummies, a mummy priest, a skeletal warrior, an orange
demon, 3 guardian mummies, 7 ushabtiu, a chaos spawn, a death scarab and 3
mummies.

Vanquished Creatures
  Cerebov (Pan)
  Antaeus (Coc:7)
  Gloorx Vloq (Pan)
  Ereshkigal (Tar:7)
  the Royal Jelly (Slime:5)
  A seraph (Pan)
  Mnoleg (Pan)
  the Serpent of Hell (Geh:7)
  Lom Lobon (Pan)
  Dispater (Dis:7)
  3 orbs of fire
  11 pandemonium lords
  Mara (Depths:4)
  Khufu (Crypt:1)
  Mennas (Pan)
  2 juggernauts (Depths:4)
  25 greater mummies
  6 ancient liches
  Bai Suzhen (Swamp:3)
  Margery (Vaults:2)
  Saint Roka (Vaults:1)
  18 shard shrikes
  3 curse toes
  12 golden dragons
  Geryon (Hell)
  Nikola (Swamp:3)
  3 profane servitors
  The ghost of Vedemuiddu the Warrior, an adept HuFi of Okawaru (Vaults:1)
  12 bone dragons
  A pearl dragon (Pan)
  8 doom hounds
  An electric golem (Zot:1)
  4 iron giants
  23 Brimstone Fiends
  Jorgrun (D:13)
  24 tentacled monstrosities
  22 Tzitzimimeh
  2 hellephants (Abyss:3)
  26 Ice Fiends
  7 Hell Sentinels
  5 deep elf blademasters
  3 Orb Guardians (Zot:5)
  19 liches
  11 quicksilver dragons
  8 titans
  31 acid blobs
  Gastronok (Lair:3)
  14 ancient champions
  5 deep elf master archers
  9 death cobs
  28 Executioners
  27 tentacled starspawn
  The ghost of Damuulom the Executioner, an adept MiFi of Okawaru (Vaults:4)
  17 sphinxes
  15 storm dragons
  5 tengu reavers (Vaults:5)
  27 shadow dragons
  12 revenants
  3 thorn hunters
  13 azure jellies
  4 draconian monks
  Roxanne (Elf:2)
  24 daevas (Pan)
  10 iron dragons
  33 cacodemons
  23 fire giants
  6 draconian knights
  12 blood saints
  17 frost giants
  4 ghost moths
  8 emperor scorpions
  11 deep elf sorcerers
  8 draconian scorchers
  16 warmongers (Pan)
  6 curse skulls
  Aizul (Vaults:2)
  8 deep elf elementalists
  An orc warlord (Vaults:1)
  41 balrugs
  33 angels
  15 vault wardens
  8 draconian annihilators
  3 draconian shifters
  3 spriggan defenders (Depths:4)
  A draconian stormcaller (Zot:4)
  16 vampire knights
  6 ghouls
  19 ophanim
  13 ironheart preservers
  12 very ugly things
  77 reapers
  Nessos (D:15)
  39 stone giants
  19 war gargoyles
  9 entropy weavers
  An elemental wellspring (Coc:7)
  10 black suns
  11 corrupters (Pan)
  2 grey draconians (Depths:5)
  5 deep elf demonologists
  16 bennus
  6 green draconians
  9 deep elf annihilators
  10 lorocyprocas
  13 black draconians
  31 apis (Pan)
  8 red draconians
  A minotaur (Gauntlet)
  9 purple draconians
  14 spark wasps
  12 white draconians
  13 deep elf death magi
  7 eidola
  2 crystal guardians
  11 yellow draconians
  36 blizzard demons
  19 ettins
  2 merfolk javelineers (Abyss:3)
  20 green deaths
  15 fire dragons
  A spectral quicksilver dragon (Crypt:3)
  13 mummy priests
  7 quicksilver dragon zombies
  A merfolk impaler (Depths:5)
  9 death oozes (Slime:5)
  23 jiangshi
  11 deep elf high priests
  14 yaktaur captains
  19 great orbs of eyes
  15 rakshasas
  13 monstrous demonspawn (Pan)
  A kraken zombie (Coc:1)
  3 hell beasts (Pan)
  Fannar (D:10)
  31 ice dragons
  5 quicksilver dragon skeletons
  3 catoblepae
  35 vault guards
  4 spriggan air magi
  21 hydras
  An anaconda (shapeshifter) (Depths:2)
  10 death knights
  3 shambling mangroves (Swamp:4)
  A ghost crab (Tar:7)
  16 centaur warriors
  7 tengu warriors
  14 ogre magi
  31 dancing weapons
  A death yak (shapeshifter) (Vaults:5)
  42 two-headed ogres
  8 deep troll shamans
  3 merfolk aquamancers (Depths:2)
  A spectral frost giant (Vaults:4)
  29 death scarabs
  22 hell hogs
  11 alligators
  A queen ant (Spider:2)
  2 spectral fire giants
  6 titan zombies
  A satyr (Abyss:3)
  22 thrashing horrors
  7 spriggan berserkers
  83 sun demons
  15 vampire magi
  7 storm dragon zombies
  A shock serpent (shapeshifter) (Depths:3)
  79 soul eaters
  24 hell knights
  6 iron golems
  5 deep troll earth magi
  22 deep elf knights
  A naga sharpshooter (Depths:5)
  3 orc high priests
  Sonja (D:10)
  Nergalle (Lair:2)
  4 titan skeletons
  15 iron trolls
  25 shadow wraiths
  149 skeletal warriors
  9 anaconda zombies
  24 wretched stars
  11 spatial maelstroms
  8 storm dragon skeletons
  An unseen horror (shapeshifter) (Elf:1)
  A salamander mystic (D:15)
  6 golden dragon zombies
  6 spriggan druids
  14 cherubim (Pan)
  25 sixfirhies
  31 shadow demons
  4 ghost moth zombies
  4 unseen horrors
  22 flayed ghosts
  3 death drakes
  21 deep trolls
  16 swamp dragons
  21 infernal demonspawn (Pan)
  2 death drakes (shapeshifter)
  An orange crystal statue (Abyss:3)
  12 deep elf archers
  3 spectral hydras (Swamp:4)
  15 gelid demonspawn
  14 glowing orange brains
  7 shadow dragon zombies
  17 torturous demonspawn (Pan)
  18 necromancers
  An orb spider (shapeshifter) (Vaults:3)
  18 phantasmal warriors
  6 golden dragon skeletons
  A lindwurm (shapeshifter) (Abyss:3)
  14 ironbrand convokers
  13 wizards
  6 anaconda skeletons
  5 harpies
  15 orc knights
  9 iron dragon zombies
  35 ugly things
  A faun (Zig:12)
  A mana viper (shapeshifter) (Vaults:4)
  3 wolf spider zombies
  3 oklob plants (Swamp:4)
  4 shining eyes
  31 orb spiders
  16 cyclopes
  68 deep elf magi
  3 manticores
  9 fire giant zombies
  2 orc sorcerers
  A glowing shapeshifter (Vaults:4)
  A salamander (shapeshifter) (Depths:3)
  7 frost giant zombies
  6 shadow dragon skeletons
  8 worldbinders
  6 stone giant zombies
  5 salamanders
  46 wolf spiders
  A guardian serpent (shapeshifter) (Depths:2)
  26 moths of wrath
  A spectral ettin (Vaults:4)
  An elephant (shapeshifter) (Depths:2)
  A toenail golem (Abyss:3)
  5 iron dragon skeletons
  A spectral elf (Vaults:4)
  6 elephants (Lair:4)
  9 stone giant skeletons
  6 apocalypse crabs
  2 guardian serpents
  5 fire giant skeletons
  A naga mage (D:15)
  2 human skeletons
  A shock serpent zombie (Geh:7)
  14 black mambas
  5 frost giant skeletons
  46 rust devils
  15 vault sentinels
  3 dire elephant zombies
  60 smoke demons
  23 spiny frogs
  A titan simulacrum (Abyss:3)
  4 ice statues
  6 molten gargoyles
  11 eyes of devastation
  11 gargoyles
  2 shock serpent skeletons
  5 dire elephant skeletons
  A torpor snail (Spider:1)
  37 hellions
  2 storm dragon simulacra
  43 orange demons
  2 emperor scorpion zombies
  18 efreet
  A spriggan zombie (Zig:6)
  A yaktaur (shapeshifter) (Abyss:3)
  2 kobold demonologists (Abyss:3)
  3 rime drakes
  30 demonic crawlers
  50 tormentors
  58 yaktaurs
  47 freezing wraiths
  13 komodo dragons
  A rime drake (shapeshifter) (Vaults:2)
  51 ice devils
  3 spectral glowing shapeshifters
  21 ancient zymes
  A catoblepas zombie (Crypt:1)
  28 guardian mummies
  A yaktaur skeleton (Vaults:5)
  2 harpy zombies
  A ghost moth simulacrum (Abyss:4)
  A spectral deep troll (Vaults:4)
  4 anaconda simulacra
  3 silent spectres
  A troll (shapeshifter) (Abyss:3)
  55 red devils
  A grey draconian skeleton (Crypt:2)
  47 hellwings
  A wolf spider simulacrum (Crypt:1)
  A queen ant zombie (Crypt:1)
  A catoblepas skeleton (Geh:4)
  2 merfolk (Depths:2)
  The ghost of ZappyNine the Skirmisher, an amateur CeSk (D:4)
  18 hydra zombies
  36 jumping spiders
  8 trolls
  2 wind drakes (shapeshifter)
  5 tengu conjurers
  2 shadow dragon simulacra
  A tengu simulacrum (Vaults:1)
  8 polar bears
  8 tyrant leeches
  2 death drake zombies
  25 hornets
  13 hydra skeletons
  4 harpy skeletons
  An iron troll skeleton (Crypt:1)
  Grinder (D:3)
  43 raiju
  9 hippogriffs
  A snapping turtle (shapeshifter) (Vaults:1)
  33 blink frogs
  84 slime creatures
  15 wind drakes (Pan)
  A fire giant simulacrum (Vaults:1)
  A frost giant simulacrum (Vaults:1)
  3 death drake skeletons (Swamp:4)
  20 bog bodies
  96 large abominations
  7 fire dragon zombies
  5 alligator zombies
  8 ettin zombies
  A black mamba zombie (Geh:3)
  7 ice dragon zombies
  4 air elementals
  8 ettin skeletons
  A redback (shapeshifter) (Depths:3)
  75 redbacks
  7 spriggans
  3 fire dragon skeletons
  209 flying skulls
  3 alligator skeletons
  A spriggan skeleton (Zig:6)
  4 ice dragon skeletons
  34 tarantellas
  A tarantella (shapeshifter) (Vaults:2)
  27 shadows
  51 yaks
  3 yaks (shapeshifter)
  Eustachio (D:5)
  3 vampires
  5 fire bats
  A wyvern (shapeshifter) (Depths:4)
  17 wyverns
  26 water elementals
  44 wraiths
  23 fire elementals
  60 ynoxinuls
  A basilisk (shapeshifter) (Vaults:1)
  13 golden eyes
  Grum (D:9)
  6 basilisks
  A human (shapeshifter) (Vaults:3)
  46 small abominations
  11 ushabtiu
  28 chaos spawn
  2 elf skeletons
  An emperor scorpion simulacrum (Tomb:1)
  10 hungry ghosts
  40 neqoxecs
  A yaktaur simulacrum (Vaults:1)
  A steam dragon (Lair:6)
  A glowing shapeshifter zombie (Crypt:2)
  8 vampire mosquitoes
  Menkaure (D:5)
  17 insubstantial wisps
  16 swamp worms
  11 wargs
  A merfolk zombie (Dis:6)
  6 soldier ants
  9 spiny frog zombies
  10 spatial vortices
  86 hell hounds
  4 hydra simulacra
  5 acid dragons
  22 water moccasins
  A floating eye (shapeshifter) (Abyss:1)
  10 porcupines
  2 floating eyes
  52 orc warriors
  9 swamp drakes
  13 ice beasts
  6 spiny frog skeletons
  7 black bears
  12 eyes of draining
  4 sky beasts
  4 snapping turtle zombies
  11 phantoms
  An ettin simulacrum (Vaults:4)
  A fire dragon simulacrum (Coc:1)
  An ice beast (shapeshifter) (Depths:3)
  An alligator simulacrum (Hell)
  A black bear (shapeshifter) (Abyss:3)
  24 necrophages
  43 ogres
  3 swamp dragon zombies
  7 wolves
  2 ogres (shapeshifter)
  9 boggarts (Vaults:1)
  2 manticore skeletons (Dis:2)
  A black mamba simulacrum (Coc:4)
  2 swamp dragon skeletons
  4 snapping turtle skeletons
  22 centaurs
  A hog zombie (Crypt:2)
  11 crocodiles
  4 big kobolds
  Blork the orc (D:4)
  20 bullfrogs
  7 gnoll sergeants (Bailey)
  An ogre simulacrum (Vaults:1)
  A deep troll simulacrum (Vaults:1)
  5 spiny frog simulacra
  8 scorpions
  A troll zombie (Dis:1)
  A water moccasin skeleton (D:4)
  A manticore simulacrum (Crypt:2)
  3 elf simulacra
  18 killer bees
  A snapping turtle simulacrum (Crypt:1)
  61 wights
  4 electric eels
  3 howler monkeys
  A bullfrog zombie (D:5)
  10 crimson imps
  7 centaur zombies
  5 gnoll shamans (Bailey)
  8 hounds
  4 human zombies
  9 quasits
  102 starcursed masses
  2 bullfrog skeletons
  33 iron imps
  18 orc priests
  5 jellies
  10 centaur skeletons
  5 iguanas
  14 worker ants
  Terence (D:3)
  17 orc wizards
  6 hell rats (Lair:2)
  A troll simulacrum (Coc:7)
  A tengu zombie (Coc:4)
  A crocodile zombie (Crypt:2)
  2 naga zombies
  5 ogre zombies
  A tengu skeleton (Abyss:3)
  2 felid skeletons (Crypt:2)
  63 mummies
  A worker ant zombie (D:11)
  Robin (D:3)
  A howler monkey skeleton (D:7)
  A steam dragon zombie (Crypt:2)
  8 adders
  21 gnolls
  21 shadow imps
  20 white imps
  9 ufetubi
  4 adder zombies
  2 oozes
  An adder skeleton (D:9)
  4 worms
  2 ball lightnings (Pan)
  9 dart slugs
  7 leopard geckos
  95 orcs
  A ball python (D:1)
  14 bats
  6 giant cockroaches
  3 gnoll zombies (Ossuary)
  17 goblins
  14 hobgoblins
  10 jackals
  3 quokkas
  2 river rat zombies (Crypt:1)
  6 frilled lizards
  3 goblin zombies (Ossuary)
  6 hobgoblin zombies (Ossuary)
  A jackal skeleton (D:5)
  14 kobolds
  A kobold skeleton (Abyss:4)
  4 kobold zombies (Ossuary)
  2 orc skeletons
  An orc zombie (Crypt:1)
  A quokka zombie (Ossuary)
  7 rats
  5 rat zombies (Ossuary)
  15 briar patches (Swamp:4)
  A bush (Lair:3)
  7 fungi
  17 plants
  36 starspawn tentacles
  2 tentacles (Coc:1)
6241 creatures vanquished.

Vanquished Creatures (collateral kills)
  Asmodeus (Geh:7)
  A golden dragon (Depths:3)
  An iron giant (Dis:7)
  A Brimstone Fiend (Geh:7)
  3 Hell Sentinels (Dis:7)
  2 liches
  A quicksilver dragon (Dis:7)
  A tentacled starspawn (Abyss:3)
  A thorn hunter (Swamp:4)
  Donald (Swamp:3)
  2 iron dragons (Dis:7)
  A balrug (Geh:7)
  A cacodemon (Dis:7)
  2 angels (Pan)
  4 war gargoyles (Dis:7)
  A draconian annihilator (Pan)
  A reaper (Dis:7)
  A deep elf annihilator (Pan)
  4 mummy priests
  2 quicksilver dragon zombies
  2 iron golems (Dis:7)
  2 skeletal warriors (Dis:7)
  3 iron trolls (Dis:7)
  A wretched star (Abyss:3)
  A flayed ghost (Swamp:4)
  A spectral hydra (Swamp:4)
  A spriggan druid (Swamp:4)
  2 wolf spider zombies (Dis:7)
  A shadow dragon zombie (Dis:7)
  3 rust devils (Dis:7)
  A smoke demon (Abyss:3)
  A hellion (Dis:7)
  An efreet (Pan)
  A tormentor (Dis:7)
  A guardian mummy (Tomb:1)
  2 raiju (Abyss:3)
  2 flying skulls
  3 large abominations (Abyss:3)
  2 hell hounds
  An eye of draining (Pan)
  A swamp dragon zombie (Swamp:4)
  A gnoll sergeant (Bailey)
  A gnoll shaman (Bailey)
  An iron imp (Dis:7)
  A mummy (Tomb:1)
  A gnoll (Bailey)
  A white imp (Abyss:3)
71 creatures vanquished.

Vanquished Creatures (others)
  An elemental wellspring (Coc:7)
  A bennu (Tomb:3)
  A corrupter (Pan)
  A deep elf annihilator (Pan)
  A blizzard demon (Pan)
  A rakshasa (Pan)
  2 spriggan air magi (Pan)
  A hydra (Zig:7)
  3 two-headed ogres (Volcano)
  A death scarab (Tomb:1)
  A hell hog (Geh:7)
  A torturous demonspawn (Pan)
  A wizard (Pan)
  An anaconda skeleton (Hell)
  A wolf spider (Spider:2)
  A necromancer (Geh:7)
  An orb spider (Spider:4)
  A worldbinder (Abyss:1)
  A smoke demon (Pan)
  A demonic crawler (Spider:1)
  A yaktaur (Depths:4)
  A hellwing (Pan)
  A wind drake (Pan)
  A fire dragon zombie (Geh:7)
  A fire bat (Abyss:1)
  2 spriggans (Swamp:2)
  A chaos spawn (Abyss:3)
  A centaur (Volcano)
  2 small abominations (Abyss:3)
  A wyvern skeleton (D:14)
  A wight (Tar:3)
  A crimson imp (Geh:1)
  An orc priest (Depths:2)
  An iron imp (Abyss:3)
  A white imp (Abyss:3)
  4 ball lightnings (Pan)
  11 briar patches (Swamp:4)
  A bush (Abyss:1)
  14 fungi
  4 lurking horrors (Abyss:3)
  70 plants
  35 starspawn tentacles
  6 tentacles (Coc:1)
  8 withered plants
193 creatures vanquished.

Grand Total: 6505 creatures vanquished

Notes
Turn   | Place    | Note
-------+----------+-------------------------------------------
     0 | D:1      | BigChungus the Minotaur Berserker began the quest for the
                  | Orb.
     0 | D:1      | Reached XP level 1. HP: 19/19 MP: 0/0
   285 | D:1      | Reached XP level 2. HP: 15/26 MP: 1/1
   552 | D:1      | Reached skill level 5 in Axes
   683 | D:1      | Reached XP level 3. HP: 30/31 MP: 2/2
  1178 | D:2      | Found a shimmering altar of Xom.
  1371 | D:2      | Found a blossoming altar of Fedhas.
  1463 | D:2      | Reached XP level 4. HP: 39/39 MP: 3/3
  1490 | D:2      | Found a runed translucent door.
  1491 | D:2      | Noticed Crazy Yiuf
  1549 | D:2      | Found a sacrificial altar of Ru.
  1644 | D:2      | Reached ** piety under Trog
  1804 | D:2      | Noticed a +0 dagger
  1804 | D:2      | Noticed a +0 hand axe
  1805 | D:2      | Found a hide-covered altar of Uskayaw.
  2035 | D:2      | Found a glowing silver altar of Zin.
  2167 | D:3      | Noticed Terence
  2242 | D:3      | Reached XP level 5. HP: 44/45 MP: 4/4
  2294 | D:3      | Noticed Grinder
  2410 | D:3      | Paralysed by Grinder for 4 turns
  2419 | D:3      | Killed Grinder
  2419 | D:3      | Reached XP level 6. HP: 51/51 MP: 5/5
  2540 | D:3      | Killed Terence
  2668 | D:3      | Noticed Robin
  2697 | D:3      | Killed Robin
  2718 | D:3      | Reached *** piety under Trog
  3081 | D:4      | Reached XP level 7. HP: 50/57 MP: 6/6
  3091 | D:4      | Reached skill level 10 in Axes
  3527 | D:4      | Found a glowing golden altar of the Shining One.
  3568 | D:4      | Noticed Blork the orc
  3582 | D:4      | Killed Blork the orc
  3662 | D:4      | Found a transporter.
  3663 | D:4      | Found a transporter.
  3668 | D:4      | Identified the +3 halberd "Ruwea" {venom, *Noise rF+ rN++}
  3668 | D:4      | Noticed ZappyNine's ghost (amateur CeSk)
  3980 | D:5      | Entered Level 5 of the Dungeon
  4291 | D:5      | Noticed Menkaure
  4300 | D:5      | Killed Menkaure
  4300 | D:5      | Reached XP level 8. HP: 14/64 MP: 7/7
  4300 | D:5      | Noticed Eustachio
  4309 | D:5      | HP: 3/64 [shadow imp/nerve-wracking pain (8)]
  4607 | D:5      | Killed Eustachio
  4852 | D:5      | Reached **** piety under Trog
  5129 | D:6      | Found a staircase to the Ecumenical Temple.
  5268 | D:6      | Found a sand-covered staircase.
  5308 | D:6      | Paralysed by fainting for 6 turns
  5318 | D:6      | Paralysed by fainting for 9 turns
  5342 | D:6      | Paralysed by fainting for 5 turns
  5410 | Ossuary  | Entered an ossuary
  5801 | Ossuary  | Reached ***** piety under Trog
  6159 | Temple   | Entered the Ecumenical Temple
  6477 | D:7      | Found a shadowy altar of Dithmenos.
  6602 | D:7      | Reached skill level 5 in Fighting
  7143 | D:7      | Noticed a gargoyle
  7144 | D:7      | Noticed a gargoyle
  7151 | D:7      | Killed a gargoyle
  7151 | D:7      | Reached XP level 9. HP: 37/74 MP: 8/8
  7160 | D:7      | Killed a gargoyle
  7434 | D:7      | Noticed a gargoyle
  7444 | D:7      | Killed a gargoyle
  7970 | D:8      | Found Eter's General Store.
  7978 | D:8      | Bought a scroll of teleportation for 36 gold pieces
  7978 | D:8      | Bought a scroll of fear for 42 gold pieces
  8427 | D:4      | Killed ZappyNine's ghost
  8758 | D:7      | Noticed a gargoyle
  8775 | D:7      | Killed a gargoyle
  9043 | D:9      | Got a garnet-encrusted scale mail
  9054 | D:9      | Identified the +0 scale mail of Vexation {rPois rF++ Str-2}
                  | (You found it on level 9 of the Dungeon)
  9114 | D:9      | Found a staircase to the Lair.
  9209 | D:8      | Reached skill level 5 in Dodging
  9630 | D:9      | Reached XP level 10. HP: 88/88 MP: 9/9
  9641 | D:9      | Noticed Grum
  9646 | D:9      | Found a flagged portal.
  9655 | Bailey   | Entered a bailey
 10784 | D:9      | Reached skill level 15 in Axes
 10787 | D:9      | Killed Grum
 11089 | D:10     | Entered Level 10 of the Dungeon
 11446 | D:10     | Gained mutation: You are surrounded by a mild repulsion
                  | field. (EV +2) [potion of mutation]
 11446 | D:10     | Gained mutation: You are agile. (Dex +2) [potion of
                  | mutation]
 11624 | D:10     | Noticed Sonja
 11674 | D:10     | Killed Sonja
 11674 | D:10     | Reached skill level 10 in Dodging
 11996 | D:10     | Reached XP level 11. HP: 95/95 MP: 10/10
 12080 | D:10     | Noticed Fannar
 12093 | D:10     | Killed Fannar
 12145 | D:10     | Found Nyep's Gadget Shoppe.
 12436 | D:11     | Received a gift from Trog
 12789 | D:11     | Identified the +2 animal skin "Jiuwk" {MR+++ Int-2 Slay+5}
 12869 | D:11     | Found a staircase to the Orcish Mines.
 13401 | Lair:1   | Entered Level 1 of the Lair of Beasts
 14631 | Lair:1   | Noticed a four-headed hydra
 14640 | Lair:1   | Killed a five-headed hydra
 15515 | Lair:2   | Reached XP level 12. HP: 84/103 MP: 11/11
 15913 | Lair:2   | Found a staircase to the Swamp.
 16176 | Lair:2   | Noticed Nergalle
 16184 | Lair:2   | Killed Nergalle
 16508 | Lair:2   | Got a clouded glass ring
 16510 | Lair:2   | Identified the ring "Edirchuef" {Fire Int-3 Dex+4 Slay+3}
                  | (You found it on level 2 of the Lair of Beasts)
 16673 | Swamp:1  | Entered Level 1 of the Swamp
 16673 | Swamp:1  | Noticed an eight-headed hydra
 16673 | Swamp:1  | Noticed a five-headed hydra
 16826 | Lair:3   | Found a hole to the Spider Nest.
 16921 | Lair:3   | Reached skill level 5 in Armour
 16922 | Lair:3   | Reached skill level 10 in Fighting
 16923 | Lair:3   | Noticed Gastronok
 17265 | Lair:3   | Killed Gastronok
 17265 | Lair:3   | Received a gift from Trog
 17380 | Lair:3   | Noticed a six-headed hydra
 17388 | Lair:3   | Killed a seven-headed hydra
 17644 | Lair:3   | Noticed a four-headed hydra
 17654 | Lair:3   | Killed a four-headed hydra
 17654 | Lair:3   | Reached XP level 13. HP: 109/114 MP: 12/12
 17965 | Spider:1 | Entered Level 1 of the Spider Nest
 18031 | Lair:4   | Found a dark tunnel.
 18059 | Volcano  | Entered a volcano
 19399 | Lair:5   | Noticed Rupert
 19402 | Lair:5   | Paralysed by Rupert for 5 turns
 20159 | Lair:6   | Entered Level 6 of the Lair of Beasts
 20159 | Lair:6   | Found a staircase to the Slime Pits.
 20469 | Lair:6   | Reached XP level 14. HP: 95/126 MP: 13/13
 20475 | Lair:5   | Received a gift from Trog
 20698 | Lair:6   | Found a viscous altar of Jiyva.
 21611 | Lair:6   | Reached skill level 10 in Armour
 22332 | Orc:1    | Entered Level 1 of the Orcish Mines
 22750 | Orc:2    | Entered Level 2 of the Orcish Mines
 22779 | Orc:2    | Found a burning altar of Makhleb.
 22848 | Orc:1    | Received a gift from Trog
 22992 | Orc:2    | Found Uqycsoas's Magic Scroll Boutique.
 23048 | Orc:2    | Found a staircase to the Elven Halls.
 23709 | Orc:2    | Found a roughly hewn altar of Beogh.
 23736 | Orc:2    | Found Hopesi's Antique Armour Boutique.
 23736 | Orc:2    | Found Goran's Jewellery Shoppe.
 23980 | Orc:2    | Bought a scroll of identify for 24 gold pieces
 23980 | Orc:2    | Bought a scroll of identify for 24 gold pieces
 23980 | Orc:2    | Bought a scroll of blinking for 90 gold pieces
 23980 | Orc:2    | Bought a scroll of fog for 24 gold pieces
 23980 | Orc:2    | Bought a scroll of identify for 24 gold pieces
 23980 | Orc:2    | Bought a scroll of teleportation for 36 gold pieces
 24141 | Orc:2    | Found Qiuqemmu's Weapon Shoppe.
 24150 | Orc:2    | Found Erhyhamn's Antique Weapon Boutique.
 24181 | Orc:2    | Bought 8 atropa-tipped darts for 67 gold pieces
 24213 | Orc:2    | Bought a pair of glowing gloves for 217 gold pieces
 24213 | Orc:2    | Bought fine ice dragon scales for 1885 gold pieces
 24225 | Orc:2    | Identified the +5 ice dragon scales of the Distant Future
                  | {rF- rC++ rN+++ Str-4 Int+4 Slay+2} (You bought it in a
                  | shop on level 2 of the Orcish Mines)
 24273 | Orc:2    | Bought an uncursed amulet of faith for 640 gold pieces
 24514 | D:12     | Reached ****** piety under Trog
 24540 | D:12     | Identified 3 scrolls of acquirement
 24541 | D:12     | Identified the +2 buckler of the Hall of Blades {rN+ Str+3}
                  | (You acquired it on level 12 of the Dungeon)
 24547 | D:12     | Identified the +0 pair of boots of the Swan {MR- Dex+7}
                  | (You acquired it on level 12 of the Dungeon)
 24805 | D:12     | Identified the Compendium of Frigorific Bewitchment
 24993 | D:12     | Got a faintly glowing chain mail
 25004 | D:12     | Identified the +7 chain mail of the Stars {rCorr Int+6}
                  | (You found it on level 12 of the Dungeon)
 25906 | D:13     | Reached XP level 15. HP: 126/138 MP: 14/14
 25933 | D:13     | Received a gift from Trog
 26275 | D:13     | Noticed Jorgrun
 26298 | D:13     | Killed Jorgrun
 26816 | D:13     | Found a gate to the Vaults.
 27092 | D:13     | Reached skill level 15 in Fighting
 27200 | D:14     | Found a glowing golden altar of the Shining One.
 27318 | D:14     | Found a gate leading to a gauntlet.
 27328 | Gauntlet | Entered a Gauntlet
 27328 | Gauntlet | Found a large runed translucent door.
 27328 | Gauntlet | Found a large runed translucent door.
 27328 | Gauntlet | Found a large runed translucent door.
 27328 | Gauntlet | Found a large runed translucent door.
 27328 | Gauntlet | Found a runed translucent door.
 27328 | Gauntlet | Found a large runed translucent door.
 27328 | Gauntlet | Found a large runed translucent door.
 27328 | Gauntlet | Found a transporter.
 27328 | Gauntlet | Found a transporter.
 27328 | Gauntlet | Found a large runed translucent door.
 27328 | Gauntlet | Found a large runed translucent door.
 27328 | Gauntlet | Found a runed translucent gate.
 27328 | Gauntlet | Found a runed translucent gate.
 27328 | Gauntlet | Found a transporter.
 27329 | Gauntlet | Found a transporter.
 27332 | Gauntlet | Found a transporter.
 27343 | Gauntlet | Found a transporter.
 27369 | Gauntlet | Found a transporter.
 27370 | Gauntlet | Found a transporter.
 27394 | Gauntlet | Found a runed translucent gate.
 27395 | Gauntlet | Found a large runed translucent door.
 27395 | Gauntlet | Found a large runed translucent door.
 27396 | Gauntlet | Found a large runed translucent door.
 27397 | Gauntlet | Found a large runed translucent door.
 27398 | Gauntlet | Found a large runed translucent door.
 27398 | Gauntlet | Found a large runed translucent door.
 27398 | Gauntlet | Found a runed translucent door.
 27399 | Gauntlet | Found a large runed translucent door.
 27400 | Gauntlet | Found a large runed translucent door.
 27429 | Gauntlet | Found a transporter.
 27439 | Gauntlet | Found a transporter.
 27454 | Gauntlet | Found a transporter.
 27470 | Gauntlet | Found a transporter.
 27727 | Gauntlet | Received a gift from Trog
 27738 | Gauntlet | Got a transparent executioner's axe {god gift}
 27739 | Gauntlet | Identified the +8 executioner's axe "Zinobles" {vorpal, rC+
                  | Int+7 Dex-4} (Trog gifted it to you in a Gauntlet)
 27793 | Gauntlet | Identified the amulet "Bekitt" {Harm *Drain MR+ SInv} (You
                  | found it in a Gauntlet)
 28015 | D:15     | Entered Level 15 of the Dungeon
 28149 | D:15     | Noticed Nessos
 28163 | D:15     | Killed Nessos
 28653 | D:15     | Found a staircase to the Depths.
 28657 | D:15     | Received a gift from Trog
 28746 | D:15     | Found a shimmering blue altar of Sif Muna.
 28813 | D:15     | Got a smoking executioner's axe {god gift}
 28814 | D:15     | Identified the +6 executioner's axe of the Establishment
                  | {vorpal, *Noise Str+3 Int+4} (Trog gifted it to you on
                  | level 15 of the Dungeon)
 28981 | Orc:2    | Bought the ring of Darung {rPois rC+ EV+1 Int+3 Dex-5} for
                  | 272 gold pieces
 29212 | Spider:1 | Reached XP level 16. HP: 150/152 MP: 15/15
 29838 | Spider:2 | Received a gift from Trog
 30974 | Spider:2 | Received a gift from Trog
 32751 | Spider:3 | Reached XP level 17. HP: 127/166 MP: 16/16
 32809 | Spider:3 | Received a gift from Trog
 32817 | Spider:3 | Got a warped battleaxe {god gift}
 32818 | Spider:3 | Identified the +6 battleaxe "Muudwe" {flame, rC+ Int+5
                  | Dex-4} (Trog gifted it to you on level 3 of the Spider
                  | Nest)
 33898 | Spider:4 | Entered Level 4 of the Spider Nest
 34906 | Spider:4 | Received a gift from Trog
 35848 | Spider:4 | Reached skill level 15 in Armour
 36487 | Spider:4 | Found a runed translucent door.
 36488 | Spider:4 | Noticed Wuanow's ghost (journeyman HOFi)
 37156 | Spider:3 | Received a gift from Trog
 37577 | Spider:4 | Got a gossamer rune of Zot
 38115 | Swamp:1  | Identified the ring of Goneo {rC+ EV+2 Str+3} (You acquired
                  | it on level 1 of the Swamp)
 39489 | Swamp:3  | Noticed Bai Suzhen
 39490 | Swamp:3  | Noticed Nikola
 39600 | Swamp:3  | Received a gift from Trog
 39600 | Swamp:3  | Reached XP level 18. HP: 162/180 MP: 17/17
 39822 | Swamp:3  | Noticed Donald
 39833 | Swamp:3  | Killed Donald
 40477 | Swamp:3  | Killed Nikola
 40499 | Swamp:3  | Killed Bai Suzhen
 40806 | Swamp:3  | Found a runed translucent gate.
 40806 | Swamp:3  | Found a runed translucent gate.
 40806 | Swamp:3  | Found a runed translucent gate.
 40806 | Swamp:3  | Noticed Pooter's ghost (adept MiBe)
 40806 | Swamp:3  | Noticed RepHenryClay's ghost (adept MiGl)
 40841 | Swamp:4  | Entered Level 4 of the Swamp
 41562 | Swamp:4  | Received a gift from Trog
 42027 | Swamp:4  | Found a blossoming altar of Fedhas.
 42815 | Swamp:4  | Found a basalt altar of Yredelemnul.
 43184 | Swamp:4  | Reached skill level 27 in Axes
 43193 | Swamp:4  | Got a decaying rune of Zot
 43558 | Vaults:1 | Entered Level 1 of the Vaults
 43584 | Vaults:1 | Received a gift from Trog
 43584 | Vaults:1 | Reached skill level 1 in Crossbows
 43684 | Vaults:1 | Noticed Saint Roka
 44182 | Vaults:1 | Reached skill level 5 in Crossbows
 44197 | Vaults:1 | Found the +7 sceptre of Torment {pain, torment}
 44249 | Vaults:1 | Identified Pihiyris's Guide on Weightlessness and
                  | Transformation
 44322 | Vaults:1 | Found a runed translucent gate.
 44324 | Vaults:1 | Found a runed translucent gate.
 44326 | Vaults:1 | Found a runed translucent gate.
 44327 | Vaults:1 | Noticed Vedemuiddu's ghost (adept HuFi)
 44345 | Vaults:1 | Reached XP level 19. HP: 191/191 MP: 18/18
 44361 | Vaults:1 | Found Afuufifu's Book Shop.
 44410 | Vaults:1 | Received a gift from Trog
 44518 | Vaults:1 | Killed Saint Roka
 44924 | Vaults:1 | Received a gift from Trog
 45336 | Vaults:1 | Reached skill level 10 in Crossbows
 45350 | Vaults:1 | Killed Vedemuiddu's ghost
 45538 | Vaults:2 | Noticed Aizul
 45546 | Vaults:2 | Killed Aizul
 45851 | Vaults:2 | Received a gift from Trog
 47106 | Vaults:2 | Received a gift from Trog
 47134 | Vaults:2 | Noticed Margery
 47144 | Vaults:2 | Killed Margery
 48132 | Vaults:3 | Reached XP level 20. HP: 173/203 MP: 19/19
 48172 | Vaults:3 | Received a gift from Trog
 48496 | Vaults:3 | You fall into a shaft and drop 1 floor!
 49117 | Vaults:4 | Received a gift from Trog
 49457 | Vaults:3 | Found a staircase to the Crypt.
 49996 | Vaults:3 | Reached skill level 15 in Crossbows
 50428 | Vaults:4 | Received a gift from Trog
 50779 | Vaults:4 | Found a runed translucent gate.
 50780 | Vaults:4 | Found a runed translucent gate.
 50780 | Vaults:4 | Found a runed translucent gate.
 51213 | Vaults:4 | Noticed Damuulom's ghost (adept MiFi)
 51393 | Vaults:4 | Killed Damuulom's ghost
 51865 | Depths:1 | Entered Level 1 of the Depths
 52416 | D:15     | Received a gift from Trog
 52588 | D:15     | Reached XP level 21. HP: 111/213 MP: 20/20
 54117 | Depths:1 | Found a gateway to Hell.
 54466 | Depths:1 | Found a one-way gate leading to the halls of Pandemonium.
 54694 | Depths:2 | Received a gift from Trog
 54875 | Depths:2 | Paralysed by a lich for 6 turns
 55773 | Depths:2 | Identified a ring of the Octopus King {AC+1 EV+1 Str+1
                  | Int+1 Dex+1 Stlth+}
 55789 | Depths:2 | Received a gift from Trog
 55801 | Depths:2 | Noticed a golden dragon
 55814 | Depths:2 | Killed a golden dragon
 56300 | Depths:2 | Identified the +6 flail "Icsym" {antimagic, rC- rN++
                  | Stlth+}
 56307 | Depths:2 | Identified the ring "Zoschulo" {Wiz *Corrode +Blink rC-
                  | Stlth+}
 56662 | Depths:2 | Identified the ring of Dyutsag {+Fly rC+ Str+4 SInv}
 56927 | Depths:2 | Noticed a golden dragon
 56940 | Depths:2 | Killed a golden dragon
 56940 | Depths:2 | Received a gift from Trog
 57108 | Depths:2 | Found Eleot's Jewellery Emporium.
 57181 | Depths:2 | Found Oveareq's Weapon Emporium.
 57191 | Depths:2 | Bought a throwing net for 66 gold pieces
 57253 | Depths:2 | Found Utaosoum's Magic Scroll Emporium.
 57271 | Depths:2 | Bought a scroll of fear for 56 gold pieces
 57271 | Depths:2 | Bought a scroll of blinking for 120 gold pieces
 57271 | Depths:2 | Bought a scroll of teleportation for 48 gold pieces
 57271 | Depths:2 | Bought a scroll of teleportation for 48 gold pieces
 57271 | Depths:2 | Bought a scroll of fog for 32 gold pieces
 57709 | Depths:3 | Reached XP level 22. HP: 220/224 MP: 21/21
 57757 | Depths:3 | Received a gift from Trog
 58306 | Depths:3 | Noticed a golden dragon
 58318 | Depths:3 | Killed a golden dragon
 58334 | Depths:3 | Noticed a golden dragon
 58340 | Depths:3 | Killed a golden dragon
 59039 | Depths:3 | Received a gift from Trog
 59141 | Depths:3 | Found a shimmering blue altar of Sif Muna.
 59564 | Depths:4 | Paralysed by a floating eye for 4 turns
 59599 | Depths:4 | Found a one-way gate to the infinite horrors of the Abyss.
 60095 | Depths:4 | Noticed a juggernaut
 60112 | Depths:4 | Killed a juggernaut
 60124 | Depths:4 | Received a gift from Trog
 60263 | Depths:4 | Identified the ring of the Will of the Gods {rF+ Str+2
                  | Dex-3 Slay+4 Stlth+} (You acquired it on level 4 of the
                  | Depths)
 60876 | Depths:4 | Noticed a golden dragon
 60885 | Depths:4 | Killed a golden dragon
 60885 | Depths:4 | Reached XP level 23. HP: 220/234 MP: 22/22
 60895 | Depths:4 | Noticed Mara
 60906 | Depths:4 | Killed Mara
 61147 | Depths:4 | Received a gift from Trog
 61155 | Depths:4 | Cast into level 2 of the Abyss (spriggan rider)
 61156 | Abyss:2  | Noticed an ancient lich
 61164 | Abyss:2  | Killed an ancient lich
 61292 | Abyss:2  | Identified the ring "Xofimumut" {+Fly rC+} (You found it on
                  | level 2 of the Abyss)
 61354 | Depths:4 | Escaped the Abyss
 61806 | Depths:5 | Entered Level 5 of the Depths
 61884 | Depths:5 | Noticed an ancient lich
 62062 | Depths:5 | Found a gateway to a ziggurat.
 62062 | Depths:5 | Noticed a juggernaut
 62067 | Depths:4 | Killed a juggernaut
 62394 | Depths:5 | Found Usisuza's Magic Scroll Shoppe.
 62400 | Depths:5 | Bought a scroll of teleportation for 36 gold pieces
 62400 | Depths:5 | Bought a scroll of enchant armour for 90 gold pieces
 62425 | Depths:5 | Received a gift from Trog
 63230 | Depths:5 | Found a gate to the Realm of Zot.
 63368 | Depths:5 | Identified the amulet of Plog {Reflect rElec SH+4 SInv}
                  | (You acquired it on level 5 of the Depths)
 63548 | Depths:5 | Killed an ancient lich
 63548 | Depths:5 | Received a gift from Trog
 64248 | Elf:1    | Entered Level 1 of the Elven Halls
 64293 | Elf:1    | Found Zashops's Antique Armour Emporium.
 64396 | Elf:1    | Bought a pair of runed boots for 240 gold pieces
 64396 | Elf:1    | Bought a pair of glowing gloves for 240 gold pieces
 64409 | Elf:1    | Identified a +1 pair of boots of running (You bought it in
                  | a shop on level 1 of the Elven Halls)
 64474 | Elf:1    | Found an ancient bone altar of Kikubaaqudgha.
 64720 | Elf:1    | Found a radiant altar of Vehumet.
 65165 | Elf:1    | Reached XP level 24. HP: 195/245 MP: 22/22
 65772 | Elf:2    | Identified Roxanne's Volume of Transmigration
 65772 | Elf:2    | Noticed Roxanne
 65780 | Elf:2    | Killed Roxanne
 65911 | Elf:2    | Found a runed translucent gate.
 65911 | Elf:2    | Found a runed translucent gate.
 65916 | Elf:2    | Found a runed translucent gate.
 65982 | Elf:2    | Received a gift from Trog
 66597 | Elf:3    | Entered Level 3 of the Elven Halls
 66597 | Elf:3    | Found Zalecwav's General Store.
 66776 | Elf:3    | Bought a potion of flight for 51 gold pieces
 66776 | Elf:3    | Bought a potion of might for 68 gold pieces
 66900 | Elf:3    | Received a gift from Trog
 67053 | Elf:3    | Found Nouh's Magic Scroll Shoppe.
 67061 | Elf:3    | Bought a scroll of fear for 63 gold pieces
 67061 | Elf:3    | Bought a scroll of enchant armour for 135 gold pieces
 67061 | Elf:3    | Bought a scroll of enchant weapon for 135 gold pieces
 67061 | Elf:3    | Bought a scroll of teleportation for 54 gold pieces
 67061 | Elf:3    | Bought a scroll of fear for 63 gold pieces
 67061 | Elf:3    | Bought a scroll of fear for 63 gold pieces
 67061 | Elf:3    | Bought a scroll of summoning for 171 gold pieces
 67061 | Elf:3    | Bought a scroll of holy word for 135 gold pieces
 67872 | Elf:3    | Received a gift from Trog
 68255 | Elf:3    | Identified the +1 morningstar of Honour {flame, rN+++ Str-4
                  | Dex-4 Stlth+}
 68282 | Elf:3    | Cast into level 4 of the Abyss (+4 trident of distortion)
 68446 | Elf:3    | Escaped the Abyss
 68467 | Elf:3    | Identified the cursed +1 morningstar of Hacking and
                  | Slashing {vamp, *Slow rF+ Int+3 SInv}
 68483 | Elf:3    | Identified the +6 rapier of Sogeer {drain, rC- MR+ Str+6
                  | SInv}
 68516 | Elf:3    | Paralysed by fainting for 11 turns
 69387 | Vaults:5 | Entered Level 5 of the Vaults
 69421 | Vaults:4 | Received a gift from Trog
 69551 | Vaults:5 | Reached XP level 25. HP: 167/255 MP: 16/22
 69952 | Vaults:5 | Received a gift from Trog
 70305 | Vaults:5 | Reached skill level 27 in Fighting
 70683 | Vaults:4 | Received a gift from Trog
 70895 | Vaults:4 | Got a polished broad axe {god gift}
 70896 | Vaults:4 | Identified the +10 broad axe "Ogreslayer" {vorpal, *Noise
                  | rF- MR+ Str+5} (Trog gifted it to you on level 4 of the
                  | Vaults)
 72005 | Vaults:5 | Noticed an ancient lich
 72011 | Vaults:5 | Killed an ancient lich
 72377 | Vaults:5 | Identified the +9 great sword of Makhleb's Indignation
                  | {protect, Dex+4}
 72382 | Vaults:5 | Identified the cursed +1 flail of the New World {flame,
                  | *Rage rElec MR+}
 72382 | Vaults:5 | Identified the ring of Reckava {+Inv AC+3}
 72483 | Vaults:5 | Found the +3 giant club "Skullcrusher" {speed, Str+7}
 72493 | Vaults:5 | Received a gift from Trog
 72584 | Vaults:5 | Identified the Incunabulum of Cankerous Good Luck
 72720 | Vaults:5 | Found Unafusoi's Food Boutique.
 72724 | Vaults:5 | Bought a ration for 70 gold pieces
 72724 | Vaults:5 | Bought a ration for 70 gold pieces
 72724 | Vaults:5 | Bought a ration for 70 gold pieces
 72724 | Vaults:5 | Bought a ration for 70 gold pieces
 72724 | Vaults:5 | Bought a ration for 70 gold pieces
 72724 | Vaults:5 | Bought a ration for 70 gold pieces
 72724 | Vaults:5 | Bought a ration for 70 gold pieces
 72724 | Vaults:5 | Bought a ration for 70 gold pieces
 72724 | Vaults:5 | Bought a ration for 70 gold pieces
 73103 | Vaults:5 | Found Issuy's Food Boutique.
 73108 | Vaults:5 | Bought a ration for 65 gold pieces
 73108 | Vaults:5 | Bought a ration for 65 gold pieces
 73108 | Vaults:5 | Bought a ration for 65 gold pieces
 73108 | Vaults:5 | Bought a ration for 65 gold pieces
 73108 | Vaults:5 | Bought a ration for 65 gold pieces
 73108 | Vaults:5 | Bought a ration for 65 gold pieces
 73108 | Vaults:5 | Bought a ration for 65 gold pieces
 73108 | Vaults:5 | Bought a ration for 65 gold pieces
 73108 | Vaults:5 | Bought a ration for 65 gold pieces
 73118 | Vaults:5 | Found Piwasett's Magic Scroll Shop.
 73123 | Vaults:5 | Bought a scroll of enchant weapon for 112 gold pieces
 73123 | Vaults:5 | Bought a scroll of teleportation for 45 gold pieces
 73123 | Vaults:5 | Bought a scroll of fear for 52 gold pieces
 73123 | Vaults:5 | Bought a scroll of enchant armour for 112 gold pieces
 73123 | Vaults:5 | Bought a scroll of fear for 52 gold pieces
 73155 | Vaults:5 | Got a silver rune of Zot
 74209 | Hell     | Entered the Vestibule of Hell
 74209 | Hell     | Noticed Geryon
 74254 | Hell     | Killed Geryon
 74451 | Hell     | Reached XP level 26. HP: 230/266 MP: 19/22
 74488 | Hell     | Received a gift from Trog
 74579 | Hell     | Reached skill level 27 in Crossbows
 75152 | Hell     | Found a gateway to the ashen valley of Gehenna.
 75359 | Hell     | Found a gateway to the decaying netherworld of Tartarus.
 75448 | Hell     | Found a gateway to the freezing wastes of Cocytus.
 75689 | Hell     | Found a gateway to the Iron City of Dis.
 75990 | Zot:1    | Entered Level 1 of the Realm of Zot
 76002 | Zot:1    | You fall into a shaft and drop 1 floor!
 76063 | Zot:2    | Reached skill level 1 in Evocations
 76225 | Zot:2    | Received a gift from Trog
 77341 | Zot:3    | Noticed an orb of fire
 77344 | Zot:3    | Gained mutation: Your body sometimes deteriorates upon
                  | taking damage. [an orb of fire]
 77482 | Zot:3    | Noticed an orb of fire
 77482 | Zot:3    | Gained mutation: You tend to lose your temper in combat.
                  | [an orb of fire]
 78196 | Zot:1    | Reached skill level 5 in Evocations
 79427 | Zot:3    | Gained mutation: You are dopey. (Int -2) [an orb of fire]
 79434 | Zot:3    | Killed an orb of fire
 79468 | Zot:3    | Received a gift from Trog
 80183 | Zot:3    | Gained mutation: Your spells are a little easier to cast,
                  | but a little less powerful. [an orb of fire]
 80196 | Zot:3    | Killed an orb of fire
 80196 | Zot:3    | Reached XP level 27. HP: 273/273 MP: 23/26
 80585 | Zot:4    | Reached skill level 15 in Dodging
 80782 | Zot:4    | Reached skill level 27 in Armour
 81076 | Zot:4    | Received a gift from Trog
 82167 | Zot:5    | Entered Level 5 of the Realm of Zot
 82173 | Zot:5    | Noticed an orb of fire
 82392 | Zot:4    | Killed an orb of fire
 82664 | Zot:5    | Reached skill level 10 in Evocations
 83659 | D:14     | Fell from the grace of Trog
 83659 | D:14     | Became a worshipper of the Shining One
 83852 | Crypt:1  | Entered Level 1 of the Crypt
 83912 | Crypt:1  | Reached * piety under the Shining One
 83931 | Crypt:1  | Reached ** piety under the Shining One
 83985 | Crypt:1  | Reached *** piety under the Shining One
 84075 | Crypt:1  | Reached **** piety under the Shining One
 84084 | Crypt:1  | Noticed a greater mummy
 84089 | Crypt:1  | Noticed Khufu
 84121 | Crypt:1  | Reached ***** piety under the Shining One
 84147 | Crypt:1  | Reached skill level 1 in Invocations
 84225 | Crypt:1  | Killed a greater mummy
 84228 | Crypt:1  | Killed Khufu
 84941 | Crypt:2  | Reached ****** piety under the Shining One
 84986 | Crypt:2  | Reached skill level 5 in Invocations
 85816 | Crypt:3  | Entered Level 3 of the Crypt
 86132 | Crypt:3  | Found an ancient bone altar of Kikubaaqudgha.
 86458 | Crypt:3  | Found a staircase to the Tomb.
 86554 | Crypt:3  | Paralysed by Trog for 7 turns
 86597 | Crypt:3  | Identified the Incunabulum of Necromancy
 86823 | Crypt:3  | Got a transparent hand crossbow
 86824 | Crypt:3  | Identified the +6 hand crossbow of Day {freeze, rElec
                  | Int+7} (You found it on level 3 of the Crypt)
 87402 | Depths:2 | Bought the amulet of Kios {Reflect rF+ rN+ Int+6 Dex-5
                  | SH+3} for 648 gold pieces
 87403 | Depths:2 | Bought an uncursed ring of resist corrosion for 360 gold
                  | pieces
 87702 | Slime:1  | Entered Level 1 of the Pits of Slime
 87725 | Slime:1  | Reached skill level 10 in Invocations
 89576 | Slime:5  | Entered Level 5 of the Pits of Slime
 90083 | Slime:5  | Noticed the Royal Jelly
 90096 | Slime:5  | Killed the Royal Jelly
 90205 | Slime:5  | Found the ring of Phasing {EV+8}
 90254 | Slime:5  | Found the +8 demon blade "Leech" {vamp, *Rage +Rage rN+}
 90267 | Slime:5  | Got a slimy rune of Zot
 90300 | Slime:5  | Identified Sif Muna's Catalogue of Fetching Ignition
 90384 | Slime:5  | Identified the ring "Sovyagh" {+Fly rF+ Str-2 Int+7} (You
                  | found it on level 5 of the Pits of Slime)
 91020 | Depths:4 | Voluntarily entered the Abyss.
 91025 | Abyss:1  | Found an iron altar of Okawaru.
 91061 | Abyss:1  | Found a transporter.
 91063 | Abyss:1  | Found a corrupted altar of Lugonu.
 91067 | Abyss:1  | Found a transporter.
 91095 | Abyss:1  | Got a wavering steel ring
 91097 | Abyss:1  | Identified the ring "Duhirokh" {Str+3 Dex+3 Stlth+} (You
                  | found it on level 1 of the Abyss)
 91102 | Abyss:1  | Found a transporter.
 92062 | Abyss:3  | Gained mutation: Your spells are easier to cast, but less
                  | powerful. [a neqoxec]
 92215 | Abyss:3  | Paralysed by accursed screaming for 2 turns
 92225 | Abyss:3  | Paralysed by Trog for 7 turns
 92536 | Abyss:3  | Gained mutation: You frequently scream uncontrollably at
                  | your foes. [a neqoxec]
 92543 | Abyss:3  | Gained mutation: You are very dopey. (Int -4) [a neqoxec]
 92548 | Abyss:3  | Gained mutation: Scrolls take you longer to read. [a
                  | neqoxec]
 92736 | Abyss:3  | Gained mutation: You sometimes yell uncontrollably at your
                  | foes. [a neqoxec]
 92745 | Abyss:3  | Paralysed by accursed screaming for 2 turns
 92751 | Abyss:3  | Paralysed by accursed screaming for 1 turns
 92778 | Abyss:3  | Lost mutation: You tend to lose your temper in combat.
                  | [potion of mutation]
 92778 | Abyss:3  | Lost mutation: Scrolls take you a little longer to read.
                  | [potion of mutation]
 92778 | Abyss:3  | Lost mutation: Your spells are easier to cast, but less
                  | powerful. [potion of mutation]
 92778 | Abyss:3  | Gained mutation: You have supernaturally acute eyesight.
                  | (SInv) [potion of mutation]
 92778 | Abyss:3  | Lost mutation: Your spells are a little easier to cast, but
                  | a little less powerful. [potion of mutation]
 92778 | Abyss:3  | Gained mutation: You are frail. (-10% HP) [potion of
                  | mutation]
 92778 | Abyss:3  | Gained mutation: Your spells are a little harder to cast,
                  | but a little more powerful. [potion of mutation]
 93024 | Abyss:3  | Found a corrupted altar of Lugonu.
 93083 | Abyss:3  | Gained mutation: Your body often deteriorates upon taking
                  | damage. [a cacodemon]
 93100 | Abyss:3  | Gained mutation: Potions are less effective at restoring
                  | your health. [a cacodemon]
 93302 | Abyss:3  | Reached skill level 15 in Invocations
 93790 | Abyss:3  | Lost dexterity.
 94131 | Abyss:3  | Found a corrupted altar of Lugonu.
 94152 | Abyss:3  | Lost intelligence.
 94173 | Abyss:3  | Paralysed by accursed screaming for 1 turns
 94226 | Abyss:3  | Got an abyssal rune of Zot
 94231 | Abyss:3  | Reached skill level 15 in Evocations
 94490 | Abyss:3  | Lost dexterity.
 94530 | Abyss:3  | Found a shadowy altar of Dithmenos.
 94583 | Abyss:3  | Found a corrupted altar of Lugonu.
 94720 | Abyss:3  | Gained mutation: You are very frail. (-20% HP) [a neqoxec]
 94783 | Abyss:3  | Found a corrupted altar of Lugonu.
 94857 | Abyss:3  | Found a transporter.
 95139 | Abyss:4  | Lost mutation: You have supernaturally acute eyesight.
                  | (SInv) [a neqoxec]
 95142 | Abyss:4  | Gained mutation: You are extremely frail. (-30% HP) [a
                  | neqoxec]
 95329 | Depths:4 | Escaped the Abyss
 95385 | Tar:1    | Entered Level 1 of Tartarus
 96570 | Tar:3    | Paralysed by Trog for 7 turns
 96570 | Tar:3    | Was forgiven by Trog
 96962 | Tar:7    | Entered Level 7 of Tartarus
 97488 | Tar:7    | Noticed an ancient lich
 97495 | Tar:7    | Killed an ancient lich
 97496 | Tar:7    | Paralysed by a lich for 3 turns
 98685 | Tar:7    | Noticed Ereshkigal
 98699 | Tar:7    | Killed Ereshkigal
 98760 | Tar:7    | Got a bone rune of Zot
 99070 | Coc:1    | Entered Level 1 of Cocytus
 99669 | Coc:7    | Entered Level 7 of Cocytus
100889 | Coc:7    | Noticed Antaeus
101555 | Coc:7    | Identified a +3 arbalest of holy wrath (a +1 arbalest of
                  | freezing blessed by the Shining One)
101555 | Coc:7    | Received a gift from the Shining One
101972 | Coc:7    | Killed Antaeus
102083 | Coc:7    | Got an icy rune of Zot
102088 | Coc:7    | Identified the Catalogue of Fetching Augmentations
102301 | Dis:1    | Entered Level 1 of the Iron City of Dis
102887 | Dis:4    | Lost dexterity.
103341 | Depths:5 | Lost mutation: Your spells are a little harder to cast, but
                  | a little more powerful. [potion of mutation]
103341 | Depths:5 | Lost mutation: Your body often deteriorates upon taking
                  | damage. [potion of mutation]
103341 | Depths:5 | Lost mutation: You are extremely frail. (-30% HP) [potion
                  | of mutation]
103341 | Depths:5 | Gained mutation: Your muscles are strong. (Str +2) [potion
                  | of mutation]
103342 | Depths:5 | Lost mutation: Your muscles are strong. (Str +2) [potion of
                  | mutation]
103342 | Depths:5 | Lost mutation: You are agile. (Dex +2) [potion of mutation]
103342 | Depths:5 | Gained mutation: You have a pair of large horns on your
                  | head. [potion of mutation]
103343 | Depths:5 | Lost mutation: You sometimes yell uncontrollably at your
                  | foes. [potion of mutation]
103343 | Depths:5 | Lost mutation: You are very frail. (-20% HP) [potion of
                  | mutation]
103343 | Depths:5 | Lost mutation: You have a pair of large horns on your head.
                  | [potion of mutation]
103343 | Depths:5 | Gained mutation: You are resistant to hostile enchantments.
                  | (MR+) [potion of mutation]
103344 | Depths:5 | Lost mutation: You are resistant to hostile enchantments.
                  | (MR+) [potion of mutation]
103344 | Depths:5 | Lost mutation: Potions are less effective at restoring your
                  | health. [potion of mutation]
103344 | Depths:5 | Lost mutation: You are very dopey. (Int -4) [potion of
                  | mutation]
103344 | Depths:5 | Lost mutation: You occasionally shout uncontrollably at
                  | your foes. [potion of mutation]
103344 | Depths:5 | Gained mutation: You are agile. (Dex +2) [potion of
                  | mutation]
103345 | Depths:5 | Lost mutation: Your body sometimes deteriorates upon taking
                  | damage. [potion of mutation]
103345 | Depths:5 | Lost mutation: You are dopey. (Int -2) [potion of mutation]
103345 | Depths:5 | Lost mutation: You are agile. (Dex +2) [potion of mutation]
103345 | Depths:5 | Gained mutation: You are occasionally teleported next to
                  | monsters. [potion of mutation]
103345 | Depths:5 | Gained mutation: You have large cloven feet. [potion of
                  | mutation]
103346 | Depths:5 | Lost mutation: You are frail. (-10% HP) [potion of
                  | mutation]
103346 | Depths:5 | Lost mutation: You have large cloven feet. [potion of
                  | mutation]
103346 | Depths:5 | Gained mutation: Armour fits poorly on your strangely
                  | shaped body. [potion of mutation]
103346 | Depths:5 | Gained mutation: Your mind is acute. (Int +2) [potion of
                  | mutation]
103346 | Depths:5 | Gained mutation: You are partially covered in molten
                  | scales. (AC +2) [potion of mutation]
103663 | Elf:1    | Lost mutation: You are partially covered in molten scales.
                  | (AC +2) [potion of mutation]
103663 | Elf:1    | Lost mutation: Armour fits poorly on your strangely shaped
                  | body. [potion of mutation]
103663 | Elf:1    | Lost mutation: Your mind is acute. (Int +2) [potion of
                  | mutation]
103663 | Elf:1    | Lost mutation: You are surrounded by a mild repulsion
                  | field. (EV +2) [potion of mutation]
103663 | Elf:1    | Gained mutation: Your system is resistant to poisons.
                  | (rPois) [potion of mutation]
103762 | Elf:3    | Lost mutation: You are occasionally teleported next to
                  | monsters. [potion of mutation]
103762 | Elf:3    | Lost mutation: Your system is resistant to poisons. (rPois)
                  | [potion of mutation]
103762 | Elf:3    | Gained mutation: You are frail. (-10% HP) [potion of
                  | mutation]
103762 | Elf:3    | Gained mutation: You are resistant to hostile enchantments.
                  | (MR+) [potion of mutation]
103762 | Elf:3    | Gained mutation: You are weak. (Str -2) [potion of
                  | mutation]
103762 | Elf:3    | Gained mutation: You are resistant to electric shocks.
                  | (rElec) [potion of mutation]
103878 | D:11     | Paralysed by fainting for 6 turns
104304 | Dis:2    | Found the cursed +13 scythe of Curses {drain, *Curse}
104598 | Dis:7    | Entered Level 7 of the Iron City of Dis
105944 | Dis:7    | Reached skill level 27 in Dodging
106031 | Dis:7    | Identified the Grimoire of Warped Damage Dealing
106048 | Dis:7    | Reached skill level 1 in Stealth
106105 | Dis:7    | Identified the ring "Dynior" {rC+ rCorr}
107210 | Dis:7    | Reached skill level 5 in Stealth
107787 | Dis:7    | Identified the +5 plate armour of Gilut {rPois rN++ MR-
                  | Regen+}
107944 | Dis:7    | Identified the +4 staff of Dispater
107944 | Dis:7    | Noticed Dispater
107967 | Dis:7    | Killed Dispater
108003 | Dis:7    | Got an iron rune of Zot
108262 | Dis:7    | Lost mutation: You are weak. (Str -2) [potion of mutation]
108262 | Dis:7    | Lost mutation: You are frail. (-10% HP) [potion of
                  | mutation]
108262 | Dis:7    | Lost mutation: You are resistant to electric shocks.
                  | (rElec) [potion of mutation]
108262 | Dis:7    | Lost mutation: You are resistant to hostile enchantments.
                  | (MR+) [potion of mutation]
108262 | Dis:7    | Gained mutation: Scrolls take you a little longer to read.
                  | [potion of mutation]
108262 | Dis:7    | Gained mutation: Your flesh is heat resistant. (rF+)
                  | [potion of mutation]
108305 | Geh:1    | Entered Level 1 of Gehenna
109443 | Geh:7    | Entered Level 7 of Gehenna
109652 | Geh:7    | Reached skill level 10 in Stealth
110178 | Geh:7    | Noticed the Serpent of Hell
110194 | Geh:7    | Killed the Serpent of Hell
111448 | Geh:7    | Identified the +7 sceptre of Asmodeus
111448 | Geh:7    | Noticed Asmodeus
111465 | Geh:7    | Killed Asmodeus
111489 | Geh:7    | Got an obsidian rune of Zot
111856 | Geh:7    | Found the +8 longbow "Zephyr" {speed, Dex+3 SInv}
111888 | Geh:7    | Identified the Compendium of Enhancements and Intoxication
111896 | Geh:7    | Noticed an ancient lich
111901 | Geh:7    | Killed an ancient lich
112166 | Zig:1    | Entered Level 1 of a ziggurat
112167 | Zig:1    | Noticed Ethrir the pandemonium lord
112179 | Zig:1    | Killed Ethrir the pandemonium lord
112193 | Zig:2    | Entered Level 2 of a ziggurat
112226 | Zig:3    | Entered Level 3 of a ziggurat
112256 | Zig:4    | Entered Level 4 of a ziggurat
112287 | Zig:5    | Entered Level 5 of a ziggurat
112292 | Zig:5    | Noticed Reusic the pandemonium lord
112306 | Zig:5    | Killed Reusic the pandemonium lord
112315 | Zig:5    | Identified the Guide on Mutagenic Bewitchment
112325 | Zig:6    | Entered Level 6 of a ziggurat
112353 | Zig:6    | Got a smoking lead ring
112355 | Zig:6    | Identified the ring of Demons {*Drain rElec rF+ Dex+3
                  | Stlth+} (You found it on level 6 of a ziggurat)
112371 | Zig:7    | Entered Level 7 of a ziggurat
112517 | Zig:7    | Identified Sif Muna's Compendium of Companions and
                  | Orientation
112520 | Zig:7    | Got a transparent steel ring
112523 | Zig:8    | Entered Level 8 of a ziggurat
112535 | Zig:8    | Noticed an ancient lich
112550 | Zig:8    | Killed an ancient lich
112590 | Zig:9    | Entered Level 9 of a ziggurat
112608 | Zig:9    | Reached skill level 27 in Invocations
112659 | Zig:10   | Entered Level 10 of a ziggurat
112733 | Zig:10   | Identified the Collected Works on Poisonous Clay
112739 | Zig:10   | Identified the Handbook of Malediction
112761 | Zig:11   | Entered Level 11 of a ziggurat
112768 | Zig:11   | Reached skill level 15 in Stealth
112950 | Zig:12   | Entered Level 12 of a ziggurat
113471 | Depths:5 | Identified the Reference Book on Dark Magic
113542 | Depths:5 | Identified the ring of the Middle {EV+4 Slay+3} (You found
                  | it on level 7 of a ziggurat)
114283 | Pan      | Entered Pandemonium
114561 | Pan      | Found an exit through the horrors of the Abyss.
114780 | Pan      | Found a runed translucent door.
114797 | Pan      | Found an exit through the horrors of the Abyss.
115028 | Pan      | Noticed Mennas
115073 | Pan      | Killed Mennas
115193 | Pan      | Noticed Neatucai the pandemonium lord
115197 | Pan      | Killed Neatucai the pandemonium lord
115689 | Pan      | Gained mutation: You are weak. (Str -2) [a cacodemon]
115768 | Pan      | Noticed Lal Ruod the pandemonium lord
115777 | Pan      | Killed Lal Ruod the pandemonium lord
115928 | Pan      | Lost intelligence.
116748 | Pan      | Entered the realm of Cerebov.
117342 | Pan      | Identified the amulet of Due Proportion {Faith rElec Int+3
                  | Dex+3 Stlth+}
117372 | Pan      | Identified the +6 sword of Cerebov {flame}
117372 | Pan      | Noticed Cerebov
117390 | Pan      | Killed Cerebov
117411 | Pan      | Identified the ring "Coutelou" {AC+3 Str+5 Int-2} (You
                  | found it in Pandemonium)
117614 | Pan      | Got a fiery rune of Zot
117876 | Pan      | Found an exit through the horrors of the Abyss.
117982 | Pan      | Identified the +2 pair of gloves of the Mind {rPois Str-4
                  | Int+9 Stlth-} (You acquired it in Pandemonium)
117982 | Pan      | Identified the amulet "Peckoral" {Gourm *Drain Dex+6} (You
                  | acquired it in Pandemonium)
118111 | Pan      | Noticed Luarph the pandemonium lord
118114 | Pan      | Killed Luarph the pandemonium lord
118200 | Pan      | Found an exit through the horrors of the Abyss.
118733 | Pan      | Entered the realm of Gloorx Vloq.
119513 | Pan      | Noticed Gloorx Vloq
119526 | Pan      | Killed Gloorx Vloq
119591 | Pan      | Got a dark rune of Zot
119928 | Pan      | Entered the realm of Lom Lobon.
120115 | Pan      | Noticed Lom Lobon
120149 | Pan      | Killed Lom Lobon
120175 | Pan      | Got a magical rune of Zot
120613 | Pan      | Noticed Tusifack the pandemonium lord
120620 | Pan      | Killed Tusifack the pandemonium lord
120636 | Pan      | Entered the realm of Mnoleg.
120867 | Pan      | Gained mutation: Scrolls take you longer to read. [a
                  | cacodemon]
120868 | Pan      | Gained mutation: Your magical capacity is low. (-10% MP) [a
                  | cacodemon]
120913 | Pan      | Got a wavering wooden ring
120946 | Pan      | Gained mutation: You tend to lose your temper in combat. [a
                  | cacodemon]
120967 | Pan      | Found an exit through the horrors of the Abyss.
121163 | Pan      | Gained mutation: You are occasionally teleported next to
                  | monsters. [a cacodemon]
121168 | Pan      | Lost intelligence.
121168 | Pan      | Gained mutation: You are dopey. (Int -2) [a neqoxec]
121168 | Pan      | Lost mutation: You are weak. (Str -2) [a cacodemon]
121279 | Pan      | Gained mutation: Your flesh is very heat resistant. (rF++)
                  | [a neqoxec]
121434 | Pan      | Gained mutation: Your body sometimes deteriorates upon
                  | taking damage. [a cacodemon]
121491 | Pan      | Noticed Mnoleg
121493 | Pan      | Gained mutation: You are weak. (Str -2) [Mnoleg's mutagenic
                  | touch]
121504 | Pan      | Killed Mnoleg
121516 | Pan      | Got a glowing rune of Zot
121518 | Pan      | Gained mutation: Scrolls take you much longer to read. [a
                  | neqoxec]
121753 | Pan      | Gained mutation: Your spells are a little easier to cast,
                  | but a little less powerful. [a cacodemon]
122297 | Pan      | Gained mutation: You are very dopey. (Int -4) [a neqoxec]
122554 | Pan      | Gained mutation: You are very weak. (Str -4) [a cacodemon]
122616 | Pan      | Found an exit through the horrors of the Abyss.
122716 | Pan      | Found a huge runed translucent gate.
122720 | Pan      | Found a huge runed translucent gate.
122720 | Pan      | Found a huge runed translucent gate.
122721 | Pan      | Found a huge runed translucent gate.
122816 | Pan      | Noticed Masim the pandemonium lord
122829 | Pan      | Killed Masim the pandemonium lord
123013 | Pan      | Noticed Idikhlul the pandemonium lord
123020 | Pan      | Killed Idikhlul the pandemonium lord
123060 | Pan      | Noticed Tuofutel the pandemonium lord
123065 | Pan      | Killed Tuofutel the pandemonium lord
123502 | Pan      | Found an exit through the horrors of the Abyss.
123701 | Pan      | Found a white marble altar of Elyvilon.
124764 | Pan      | Found a glowing silver altar of Zin.
125593 | Pan      | Identified the +6 hunting sling "Mapuazat" {flame, *Slow
                  | +Inv rElec Str+3}
125594 | Pan      | Identified the +3 buckler of Qazlal's Esteem {*Drain rN+++
                  | Str-3 Dex+5}
125596 | Pan      | Found a glowing golden altar of the Shining One.
125603 | Pan      | Noticed a seraph
126257 | Pan      | Reached skill level 27 in Evocations
126939 | Pan      | Killed a seraph
126973 | Pan      | Got a demonic rune of Zot
127091 | Pan      | Identified the +7 long sword "Numm" {distort, *Noise rN+
                  | MP-9 Dex+5}
127326 | Pan      | Noticed Diowk the pandemonium lord
127351 | Pan      | Gained mutation: You often lose your temper in combat. [a
                  | neqoxec]
127422 | Pan      | Killed Diowk the pandemonium lord
127672 | Pan      | Found an exit through the horrors of the Abyss.
128651 | Pan      | Noticed Eqenet the pandemonium lord
128667 | Pan      | Killed Eqenet the pandemonium lord
129410 | Depths:1 | Escaped Pandemonium
129798 | Tomb:1   | Entered Level 1 of the Tomb of the Ancients
129956 | Tomb:1   | Noticed a greater mummy
129960 | Tomb:1   | Killed a greater mummy
129963 | Tomb:1   | Noticed a greater mummy
129966 | Tomb:1   | Noticed a greater mummy
129969 | Tomb:1   | Noticed a greater mummy
129976 | Tomb:1   | Killed a greater mummy
129993 | Tomb:1   | Killed a greater mummy
129994 | Tomb:1   | Noticed a greater mummy
129999 | Tomb:1   | Noticed a greater mummy
130003 | Tomb:1   | Killed a greater mummy
130007 | Tomb:1   | Killed a greater mummy
130762 | Tomb:1   | Noticed a greater mummy
130764 | Tomb:1   | Noticed a greater mummy
130962 | Tomb:1   | Killed a greater mummy
130967 | Tomb:1   | Killed a greater mummy
131599 | Tomb:2   | Noticed a greater mummy
131599 | Tomb:2   | Noticed a greater mummy
131599 | Tomb:2   | Noticed a greater mummy
131599 | Tomb:2   | Noticed a greater mummy
131666 | Tomb:2   | HP: 4/273 [lich/iron shot (38)]
131672 | Tomb:2   | Lost intelligence.
131683 | Tomb:2   | Killed a greater mummy
131794 | Tomb:2   | Killed a greater mummy
131794 | Tomb:2   | Reached skill level 27 in Stealth
131796 | Tomb:2   | Reached skill level 1 in Spellcasting
132125 | Tomb:2   | Gained mutation: You are clumsy. (Dex -2) [mutagenic glow]
132154 | Tomb:2   | Killed a greater mummy
132182 | Tomb:2   | Gained mutation: You do not regenerate when monsters are
                  | visible. [mutagenic glow]
132205 | Tomb:2   | Gained mutation: Your body often deteriorates upon taking
                  | damage. [mutagenic glow]
132328 | Tomb:2   | Killed a greater mummy
132328 | Tomb:2   | Reached skill level 5 in Spellcasting
132973 | Tomb:1   | Noticed a greater mummy
132973 | Tomb:1   | Noticed a greater mummy
132973 | Tomb:1   | Noticed a greater mummy
132973 | Tomb:1   | Noticed a greater mummy
132974 | Tomb:1   | Noticed a greater mummy
132985 | Tomb:1   | Killed a greater mummy
132988 | Tomb:1   | Killed a greater mummy
132988 | Tomb:1   | Lost dexterity.
132995 | Tomb:1   | Killed a greater mummy
132996 | Tomb:1   | Killed a greater mummy
132999 | Tomb:1   | Killed a greater mummy
133158 | Tomb:1   | Noticed a greater mummy
133167 | Tomb:1   | Killed a greater mummy
133267 | Tomb:1   | Killed a greater mummy
133578 | Tomb:1   | Noticed a greater mummy
133583 | Tomb:1   | Killed a greater mummy
133583 | Tomb:1   | Noticed a greater mummy
133585 | Tomb:1   | Noticed a greater mummy
133590 | Tomb:1   | Killed a greater mummy
133592 | Tomb:1   | Killed a greater mummy
134033 | Tomb:2   | Identified the ring "Toikugiuti" {rPois rF+ rN+} (You found
                  | it in Pandemonium)
134038 | Tomb:3   | Entered Level 3 of the Tomb of the Ancients
134061 | Tomb:3   | Noticed a greater mummy
134065 | Tomb:3   | Noticed a greater mummy
134079 | Tomb:3   | Killed a greater mummy
134082 | Tomb:3   | Killed a greater mummy
134082 | Tomb:3   | Noticed a greater mummy
134087 | Tomb:3   | Noticed a greater mummy
134091 | Tomb:3   | Noticed a greater mummy
134097 | Tomb:3   | HP: 8/273 [golden dragon simulacrum[a greater mummy] (7)]
134098 | Tomb:3   | Noticed a greater mummy
134099 | Tomb:3   | Killed a greater mummy
134099 | Tomb:3   | Reached skill level 10 in Spellcasting
134099 | Tomb:3   | The Shining One protects you from harm!
134102 | Tomb:3   | Engulfed by an ushabti's foul pestilence

Levels and vault maps discovered:
D:1:      dpeg_arrival_central, layout_basic
D:2:      layout_basic, lemuel_doored_altar, dancing_weapons_uskayaw,
          fedhas_altar_3, zin_treasury, chequers_jeans,
          chequers_serial_rivers_room_b, grunt_ministairs_11, xom_teletrap_fun,
          uniq_crazy_yiuf_cottage
D:3:      layout_rooms, grunt_decor_arrowhead, uniq_robin, uniq_grinder,
          uniq_terence
D:4:      layout_basic, tso_oasis_becter, gammafunk_ghost_gnarly_gnolls,
          serial_forest, infiniplex_forest_lined_2, infiniplex_forest_lined_2,
          infiniplex_forest_lined_2, infiniplex_forest_clump_tiny,
          infiniplex_forest_lined_corner, infiniplex_forest_straight_3,
          infiniplex_forest_fountain, infiniplex_forest_lined_corner,
          minmay_stone_trees_medium, uniq_blork_the_orc
D:5:      layout_basic, first_ration, uniq_eustachio, uniq_menkaure
D:6:      layout_loops_ring, minmay_temple_entry_proselytizer,
          nicolae_ossuary_entry_false_entrances
D:7:      cheibrodos_statue_roulette, layout_layer_cave, grunt_dithmenos_smoke
D:8:      layout_rooms, serial_shops, nicolae_shop_trees, the_bakery
D:9:      layout_rooms, erik_lair_orcish_takeover, enter_bailey_2, uniq_grum
D:10:     layout_loops_corners, serial_shops, nicolae_shop_stone, uniq_fannar,
          uniq_sonja
D:11:     layout_roguey, erik_orc_1, chequers_serial_rivers_micro_d,
          kennysheep_generic_room_12
D:12:     layout_basic, serial_curves, eino_curves_01, eino_curves_03
D:13:     minmay_box_of_statues, layout_small_grid, david_vaults_4, uniq_jorgrun
D:14:     layout_cross, nicolae_tso_swordbearing_angel, gauntlet_entry_generic
D:15:     grunt_enter_depths_magical_seal, layout_cave_pools,
          lemuel_blue_sif_altar, uniq_nessos
Temple:   nicolae_temple_elliptical
Lair:1:   layout_cave_shapes, roderic_batcave, small_statue_intersection,
          serial_bayou_pond_a, minmay_shattered_shrine
Lair:2:   layout_gridlike, swamp_mist, chequers_serial_rivers_large_b,
          serial_bayou_shore_a, uniq_nergalle
Lair:3:   layout_loops_ring, dummy_spider_entry, hangedman_lair_unloving_vines,
          beast_lair_carwin_2, uniq_gastronok
Lair:4:   layout_long_grid, nicolae_volcano_entry_two_sided, grunt_megastairs_1
Lair:5:   layout_regular_city, serial_bayou_shore_b, uniq_rupert
Lair:6:   guppyfry_lair_end_dragon, layout_cellular_growth,
          hangedman_lair_tendril_chambers, slime_altar_1
Swamp:1:  layout_basic_swamp, evilmike_swamp_ruin_house_2,
          infiniplex_staircase_pool
Swamp:2:  layout_basic_swamp, evilmike_swamp_ruin_house_5
Swamp:3:  layout_falls_marsh, gammafunk_ghost_cemetery, serial_swamp_ruin,
          evilmike_swamp_ruin_house_6, hangedman_swamp_ruin_hall,
          evilmike_swamp_ruin_house_4, uniq_bai_suzhen, uniq_nikola, uniq_donald
Swamp:4:  byrel_swamp_growth_death_and_undeath, layout_basic_swamp
Spider:1: layout_spider_delve, drop_trap
Spider:2: nicolae_spider_corner, nicolae_spider_circle_web, drop_trap,
          nicolae_spider_ant_collections
Spider:3: layout_chambers
Spider:4: guppyfry_spider_rune, gammafunk_ghost_grave, nicolae_orb_stairs
Slime:1:  layout_caves
Slime:2:  layout_caves
Slime:3:  layout_caves
Slime:4:  layout_caves
Slime:5
Orc:1:    layout_caves, nicolae_orc_pool_cavern
Orc:2:    st_orc_town, layout_caves, serial_shops, shop, basic_altar,
          statue_in_the_mist_lemuel
Elf:1:    minmay_elf_arrival_summoners, layout_gridlike, serial_glass,
          glass_columns_b, glass_columns_a, serial_shops, nicolae_shop_stone,
          kennysheep_underground_church, hangedman_feature_mirror, minivault_5,
          dk_noncrumbling_4
Elf:2:    layout_geoelf_octagon, uniq_roxanne
Elf:3:    nooodl_elf_gasket, layout_gridlike, serial_shops, shop, shop
Vaults:1: gammafunk_vaults_ghost_necromancy, hangedman_vaults_stream,
          vaults_dpeg_hooks, nicolae_vaults_network_periphery,
          hangedman_vaults_capsules, ontoclasm_vaults_twist,
          nicolae_vaults_ring_of_whatevers, vaults_room_door_hall,
          vaults_room_hangedman_quadrants, nicolae_vaults_ring_of_whatevers,
          nicolae_vaults_mini_display_case, layout_vaults_big_room,
          serial_shops, nicolae_shop_temple_entry_statues_fountains,
          uniq_saint_roka
Vaults:2: v_misc_11, nicolae_vaults_little_squares_1,
          vaults_room_stairs_pillars, grunt_vaults_bifocal,
          nicolae_vaults_ring_of_whatevers, vaults_dpeg_encased_lava,
          vaults_mumra_hex, st_lattice, nicolae_vaults_shelves_hall,
          layout_vaults_omnigrid, uniq_aizul, uniq_margery
Vaults:3: hangedman_vaults_pinch, nicolae_vaults_murderbox,
          minmay_crypt_entry_simple_sparse, v_rooms_6, v_misc_11,
          hangedman_vaults_river_flow, hangedman_vaults_slice, v_misc_26,
          ontoclasm_vaults_ring_small, grunt_vaults_diagonal,
          nicolae_vaults_angled_halls, vaults_mumra_lcd, layout_vaults_omnicross
Vaults:4: gammafunk_vaults_ghost_necromancy, v_misc_24,
          nicolae_vaults_network_star, nicolae_vaults_bisected_exclaves,
          v_misc_13, ontoclasm_vaults_loading_screen,
          nicolae_vaults_network_quinsquares
          [nicolae_vaults_network_quincunx_subvault,
          nicolae_vaults_network_quincunx_subvault,
          nicolae_vaults_network_quincunx_subvault,
          nicolae_vaults_network_quincunx_subvault], vaults_room_fours,
          vaults_room_semicircle, v_misc_29, v_misc_22, v_misc_13,
          v_alt_pattern_6, grunt_vaults_focal, nicolae_vaults_little_ls,
          layout_vaults_ring
Vaults:5
Crypt:1:  layout_regular_city, uniq_khufu
Crypt:2:  layout_basic
Crypt:3:  grunt_crypt_end_deaths_head
Tomb:1
Tomb:2
Tomb:3
Depths:1: layout_cave_pools, hell_entry, grunt_pan_entry_spiral,
          minmay_misc_feat_doors, kennysheep_potato
Depths:2: hangedman_spin_cycle, hell_entry
Depths:3: minmay_nested_s, layout_basic, kennysheep_flooded_box,
          grunt_pan_entry_sceptre, hell_entry, infiniplex_staircase_x
Depths:4: hangedman_arch_fort, layout_gridville, hell_entry, glass_columns_b,
          abyss_entry, uniq_mara
Depths:5: evilmike_zot_entry_gauntlet, layout_cave_shapes, enter_ziggurat_e,
          serial_shops, shop, special_room [special_room_morgue],
          pf_hell_entry_great_geh, pan_entry, chequers_big_river, st_stairs_9,
          grunt_ministairs_13
Hell
Dis:1:    layout_gridville
Dis:2:    hangedman_iron_city_apartments, layout_subdivisions
Dis:3:    layout_overlapping_boxes
Dis:4:    layout_chaotic_city
Dis:5:    layout_subdivisions
Dis:6:    layout_subdivisions
Dis:7:    dis_grunt_layers
Geh:1:    layout_gehenna_pools_triple
Geh:2:    layout_gehenna_lava_caves
Geh:3:    layout_gehenna_pools_basic
Geh:4:    layout_gehenna_lava_caves
Geh:5:    layout_gehenna_pools_triple, lemuel_elevator
Geh:6:    layout_gehenna_lava_caves
Geh:7:    evilmike_geh
Coc:1:    layout_ice_bergs
Coc:2:    layout_cocytus_water_paths
Coc:3:    layout_cocytus_water_paths
Coc:4:    layout_cocytus_water_paths
Coc:5:    layout_ice_bergs
Coc:6:    layout_ice_bergs
Coc:7:    coc_grunt_cove [coc_grunt_cove_antaeus, coc_grunt_cove_fiend,
          coc_grunt_cove_fiend, coc_grunt_cove_fiend, coc_grunt_cove_fiend]
Tar:1:    layout_catacombs
Tar:2:    layout_honeycomb, hangedman_snap_crack_crunch
Tar:3:    layout_grid_maze
Tar:4:    layout_grid_maze
Tar:5:    layout_honeycomb
Tar:6:    layout_cathedral_of_symmetry
Tar:7:    tar_grunt_cathedral
Zot:1:    layout_basic
Zot:2:    layout_cathedral_of_symmetry
Zot:3:    layout_basic
Zot:4:    layout_gridlike, grunt_megastairs_3, lemuel_elevator
Zot:5:    layout_misc_corridors, bh_zot_ikea_curve, skrybe_zot_glass_1

Skill      XL: |  1  2  3  4  5  6  7  8  9 10 11 12 13 14 15 16 17 18 19 20 21 22 23 24 25 26 27 |
---------------+----------------------------------------------------------------------------------+-----
Axes           | 4 5 6 8 9 11 13 14 16 18 19 21 22 23 24 26 27 | 27.0
Fighting       | 5 8 10 12 14 16 18 20 22 23 24 25 26 27 | 27.0
Dodging        | 5 10 13 14 27 | 27.0
Armour         | 6 9 11 13 14 15 17 18 19 20 21 22 23 24 26 27 | 27.0
Crossbows      | 5 13 16 18 20 22 24 26 27 | 27.0
Evocations     | 6 27 | 27.0
Invocations    | 27 | 27.0
Stealth        | 27 | 27.0
Spellcasting   | 10 | 10.1

Action                   |  1- 3 |  4- 6 |  7- 9 | 10-12 | 13-15 | 16-18 | 19-21 | 22-24 | 25-27 || total
-------------------------+-------+-------+-------+-------+-------+-------+-------+-------+-------++-------
Melee: Hand axe          |    70 |   142 |   377 |    60 |       |       |       |       |       ||   649
       Headbutt          |     6 |    18 |    91 |    69 |   148 |   195 |   262 |   171 |  1199 ||  2159
       Executioner's axe |       |       |       |   305 |   624 |   932 |   904 |   736 |  5478 ||  8979
       Flail             |       |       |       |     4 |    18 |       |       |       |       ||    22
       Battleaxe         |       |       |       |       |       |    87 |     2 |       |       ||    89
       Unarmed           |       |       |       |       |       |       |       |       |     1 ||     1
 Fire: Arbalest          |       |       |       |       |       |       |    43 |   239 |  2509 ||  2791
Throw: Boomerang         |       |       |     2 |       |       |       |       |       |       ||     2
       Throwing net      |       |       |       |       |       |       |       |       |     4 ||     4
Invok: Berserk           |     2 |     1 |     8 |     8 |     6 |     2 |     5 |     6 |     3 ||    41
       Trog's Hand       |       |     1 |     1 |       |       |     5 |     1 |     8 |     5 ||    21
       Brothers in Arms  |       |       |       |     4 |       |     2 |       |     1 |     1 ||     8
       Summon Divine War |       |       |       |       |       |       |       |       |    23 ||    23
       Cleansing Flame   |       |       |       |       |       |       |       |       |    15 ||    15
       Divine Shield     |       |       |       |       |       |       |       |       |    13 ||    13
       Brand Weapon With |       |       |       |       |       |       |       |       |     1 ||     1
Evoke: Wand              |       |       |     5 |    21 |     3 |     5 |     2 |       |     5 ||    41
       Lightning rod     |       |       |       |       |       |     8 |       |       |     4 ||    12
       Horn of Geryon    |       |       |       |       |       |       |       |       |     1 ||     1
  Use: Potion            |       |       |     4 |     2 |       |       |       |       |    84 ||    90
       Scroll            |       |       |     3 |    18 |    12 |    15 |    14 |     9 |    47 ||   118
  Eat: Chunk             |     3 |     7 |    14 |    32 |    37 |     7 |    37 |    35 |    67 ||   239
       Ration            |       |       |     4 |     1 |     2 |    13 |     3 |     3 |    42 ||    68
Armor: Animal skin       |     4 |       |       |       |       |       |       |       |       ||     4
       Chain mail        |    21 |    60 |    94 |    75 |   140 |   806 |   356 |       |       ||  1552
       Plate armour      |       |       |       |    53 |   170 |       |       |       |       ||   223
       Gold dragon scale |       |       |       |       |       |       |    87 |   484 |  3768 ||  4339
       Skin              |       |       |       |       |       |       |       |       |     6 ||     6
Dodge: Dodged            |    38 |    58 |   108 |   299 |   578 |   983 |   587 |   393 |  3966 ||  7010
Block: Other             |       |       |       |       |       |       |       |       |   515 ||   515
       Reflection        |       |       |       |       |       |       |       |       |    16 ||    16

Table legend:
 A = Non-vault XP
 B = Vault XP
 C = Vault XP percentage of total XP
 D = Non-vault monster count
 E = Vault monster count
 F = Vault count percentage of total count
                 A         B        C        D         E       F
            +---------+---------+-------+---------+---------+-------
      Total | 2768516 | 1960975 |  41.5 |    4212 |    1958 |  31.7
            +---------+---------+-------+---------+---------+-------
        D:1 |      48 |       0 |   0.0 |      22 |       0 |   0.0
        D:2 |     117 |       4 |   3.3 |      31 |       2 |   6.1
        D:3 |      99 |     345 |  77.7 |      25 |      15 |  37.5
        D:4 |     469 |     475 |  50.3 |      16 |       7 |  30.4
        D:5 |     367 |     377 |  50.7 |      13 |       2 |  13.3
        D:6 |     154 |      43 |  21.8 |       7 |       1 |  12.5
        D:7 |     142 |    1678 |  92.2 |       5 |       4 |  44.4
        D:8 |     116 |     612 |  84.1 |       2 |       4 |  66.7
        D:9 |    1738 |     585 |  25.2 |      17 |       7 |  29.2
       D:10 |    2867 |    1793 |  38.5 |      36 |       2 |   5.3
       D:11 |    1453 |     637 |  30.5 |      12 |      18 |  60.0
       D:12 |    3122 |       0 |   0.0 |      31 |       0 |   0.0
       D:13 |    7420 |   10139 |  57.7 |      34 |      24 |  41.4
       D:14 |   12391 |       0 |   0.0 |      44 |       0 |   0.0
       D:15 |   34251 |   12388 |  26.6 |      60 |      14 |  18.9
     Lair:1 |    4607 |    1113 |  19.5 |      20 |      15 |  42.9
     Lair:2 |    5203 |     796 |  13.3 |      32 |       1 |   3.0
     Lair:3 |    7148 |    3763 |  34.5 |      24 |       5 |  17.2
     Lair:4 |    8974 |     983 |   9.9 |      29 |       1 |   3.3
     Lair:5 |    7124 |     201 |   2.7 |      25 |       1 |   3.8
     Lair:6 |    5603 |   14472 |  72.1 |      24 |      49 |  67.1
    Swamp:1 |   10818 |       0 |   0.0 |      29 |       0 |   0.0
    Swamp:2 |   10450 |       0 |   0.0 |      21 |       0 |   0.0
    Swamp:3 |   15840 |   10744 |  40.4 |      35 |       3 |   7.9
    Swamp:4 |   13011 |   29183 |  69.2 |      31 |      44 |  58.7
   Spider:1 |   14728 |     271 |   1.8 |      44 |       1 |   2.2
   Spider:2 |   16069 |   20919 |  56.6 |      43 |      53 |  55.2
   Spider:3 |   20598 |    2855 |  12.2 |      52 |       6 |  10.3
   Spider:4 |   14549 |   24602 |  62.8 |      35 |      43 |  55.1
    Slime:1 |    7658 |       0 |   0.0 |      11 |       0 |   0.0
    Slime:2 |   14106 |       0 |   0.0 |      25 |       0 |   0.0
    Slime:3 |   20366 |       0 |   0.0 |      28 |       0 |   0.0
    Slime:4 |    9873 |       0 |   0.0 |       7 |       0 |   0.0
    Slime:5 |   20960 |   29915 |  58.8 |      28 |      15 |  34.9
      Orc:1 |    3254 |     599 |  15.5 |      22 |       1 |   4.3
      Orc:2 |    2626 |    7985 |  75.3 |      28 |      52 |  65.0
      Elf:1 |   16093 |    8825 |  35.4 |      23 |      14 |  37.8
      Elf:2 |   15610 |   27954 |  64.2 |      27 |      31 |  53.4
      Elf:3 |   16081 |   64568 |  80.1 |      23 |      41 |  64.1
   Vaults:1 |   25178 |   31704 |  55.7 |      61 |      51 |  45.5
   Vaults:2 |   29607 |   28192 |  48.8 |      42 |      27 |  39.1
   Vaults:3 |   10029 |   27405 |  73.2 |      22 |      32 |  59.3
   Vaults:4 |   49300 |   37195 |  43.0 |      70 |      41 |  36.9
   Vaults:5 |   30328 |  119689 |  79.8 |      39 |      77 |  66.4
    Crypt:1 |   42877 |   15340 |  26.3 |      72 |       4 |   5.3
    Crypt:2 |   34887 |       0 |   0.0 |      55 |       0 |   0.0
    Crypt:3 |       0 |   79596 | 100.0 |       0 |     125 | 100.0
     Tomb:1 |    7331 |  160011 |  95.6 |      24 |      80 |  76.9
     Tomb:2 |   19086 |   46387 |  70.8 |      48 |      42 |  46.7
     Tomb:3 |    5659 |   33775 |  85.6 |       9 |      24 |  72.7
   Depths:1 |   30258 |    6976 |  18.7 |      34 |       9 |  20.9
   Depths:2 |       0 |   78269 | 100.0 |       0 |      95 | 100.0
   Depths:3 |   32770 |   55452 |  62.9 |      38 |      58 |  60.4
   Depths:4 |   51575 |   45783 |  47.0 |      47 |      21 |  30.9
   Depths:5 |   28149 |   49008 |  63.5 |      28 |      40 |  58.8
       Hell |   16748 |   26720 |  61.5 |      26 |      43 |  62.3
      Dis:1 |   21930 |       0 |   0.0 |      39 |       0 |   0.0
      Dis:2 |   17837 |    5535 |  23.7 |      33 |      18 |  35.3
      Dis:3 |    3673 |       0 |   0.0 |      15 |       0 |   0.0
      Dis:4 |   26236 |       0 |   0.0 |      36 |       0 |   0.0
      Dis:5 |    8825 |       0 |   0.0 |      15 |       0 |   0.0
      Dis:6 |    9492 |       0 |   0.0 |      17 |       0 |   0.0
      Dis:7 |   78275 |  108502 |  58.1 |     113 |      82 |  42.1
      Geh:1 |   14398 |       0 |   0.0 |      36 |       0 |   0.0
      Geh:2 |   33100 |       0 |   0.0 |      58 |       0 |   0.0
      Geh:3 |    4279 |       0 |   0.0 |      13 |       0 |   0.0
      Geh:4 |    8847 |       0 |   0.0 |      21 |       0 |   0.0
      Geh:5 |   18775 |       0 |   0.0 |      33 |       0 |   0.0
      Geh:6 |    4102 |       0 |   0.0 |      12 |       0 |   0.0
      Geh:7 |   66111 |   87552 |  57.0 |      93 |      48 |  34.0
      Coc:1 |    4152 |       0 |   0.0 |      11 |       0 |   0.0
      Coc:2 |    7748 |       0 |   0.0 |      28 |       0 |   0.0
      Coc:3 |    2301 |       0 |   0.0 |       7 |       0 |   0.0
      Coc:4 |   16359 |       0 |   0.0 |      37 |       0 |   0.0
      Coc:5 |   30696 |       0 |   0.0 |      42 |       0 |   0.0
      Coc:6 |   35192 |       0 |   0.0 |      33 |       0 |   0.0
      Coc:7 |  123781 |   75863 |  38.0 |     120 |      64 |  34.8
      Tar:1 |   20897 |       0 |   0.0 |      49 |       0 |   0.0
      Tar:2 |   24580 |   15753 |  39.1 |      39 |      16 |  29.1
      Tar:3 |   59959 |       0 |   0.0 |      84 |       0 |   0.0
      Tar:4 |   13779 |       0 |   0.0 |      17 |       0 |   0.0
      Tar:5 |   30310 |       0 |   0.0 |      39 |       0 |   0.0
      Tar:6 |    8192 |       0 |   0.0 |       8 |       0 |   0.0
      Tar:7 |   62906 |  112309 |  64.1 |      82 |      69 |  45.7
      Zot:1 |   42969 |       0 |   0.0 |      23 |       0 |   0.0
      Zot:2 |   36354 |       0 |   0.0 |      23 |       0 |   0.0
      Zot:3 |   77973 |       0 |   0.0 |      36 |       0 |   0.0
      Zot:4 |   95236 |    5415 |   5.4 |      50 |       4 |   7.4
      Zot:5 |    5626 |    8258 |  59.5 |       4 |       3 |  42.9
    Abyss:1 |   16327 |   11525 |  41.4 |      28 |      13 |  31.7
    Abyss:2 |   16130 |       0 |   0.0 |      18 |       0 |   0.0
    Abyss:3 |  208600 |   29840 |  12.5 |     468 |      42 |   8.2
    Abyss:4 |   36179 |       0 |   0.0 |      54 |       0 |   0.0
        Pan |  598899 |  372528 |  38.3 |     647 |     270 |  29.4
      Zig:1 |    8493 |       0 |   0.0 |       1 |       0 |   0.0
      Zig:2 |    1769 |       0 |   0.0 |       3 |       0 |   0.0
      Zig:3 |    1826 |       0 |   0.0 |       5 |       0 |   0.0
      Zig:4 |    3687 |       0 |   0.0 |       5 |       0 |   0.0
      Zig:5 |   13316 |       0 |   0.0 |       5 |       0 |   0.0
      Zig:6 |    5281 |       0 |   0.0 |       7 |       0 |   0.0
      Zig:7 |    6712 |       0 |   0.0 |      14 |       0 |   0.0
      Zig:8 |   19946 |       0 |   0.0 |      10 |       0 |   0.0
      Zig:9 |   18219 |       0 |   0.0 |      12 |       0 |   0.0
     Zig:10 |   17451 |       0 |   0.0 |      12 |       0 |   0.0
     Zig:11 |   17445 |       0 |   0.0 |      18 |       0 |   0.0
     Zig:12 |    3461 |       0 |   0.0 |       3 |       0 |   0.0
    Ossuary |       0 |     353 | 100.0 |       0 |      37 | 100.0
     Bailey |       0 |    1164 | 100.0 |       0 |      30 | 100.0
    Volcano |       0 |    1284 | 100.0 |       0 |       6 | 100.0
   Gauntlet |       0 |    4768 | 100.0 |       0 |      11 | 100.0
            +---------+---------+-------+---------+---------+-------
